Cogmind - Beta 10.2 @@@ ROGUE MODE // 2021.10.01 @ 03:32:15 Player: Finestep Result: Destroyed by EQ-070 with Compact HERF Cannon Performance ------------- Evolutions (9) 4500 Regions Visited (30) 6000 Robots Destroyed (612) 3060 Value Destroyed (38104) 38104 Prototype IDs (92) 1840 Alien Tech Used (2) 400 Bonus (25133) 25133 TOTAL SCORE: 79037 Bonus ------- High Alert Combat Kills 2934 Follower Combat Kills 5095 Entered Garrisons 1400 Used RIF Installer 3500 Network Hubs Disabled 800 Aligned with FarCom 300 Built Enhanced Grunts 300 A7 Reached Mainframe 300 Met R17 at Cetus 500 Found Hidden Lab 3000 Pursued by Intercept 1000 Destroyed MAIN.C Guards 500 Met MAIN.C 5000 Destroyed MAIN.C Shell 5000 Friendly Fire -4496 Cogmind --------- Core Integrity 0/1600 Matter 745/800 Energy 1380/1380 System Corruption 32% Temperature Cool (70) Movement Immobile (Siege) Ox1 Location -1/Command Parts ------- > --- POWER (3) -------- Zero-point Reactor Zero-point Reactor > --- PROPULSION (4) --- Enhanced Armored Heavy Treads > --- UTILITY (14) ----- High-capacity Storage Unit High-capacity Storage Unit High-capacity Storage Unit Experimental Energy Well Experimental Matter Compressor Advanced Armor Integrity Analyzer > --- WEAPON (4) ------- Gamma Rifle Gamma Rifle Warp Cannon > --- INVENTORY (28) --- Zero-point Reactor Experimental Power Amplifier Improved Energy Well (600) Experimental Energy Well (1000) Long-range Terrain Scanner Precision Energy Filter Advanced Kinecellerator Quantum Capacitor Advanced Transmission Jammer Advanced Phase Shifter System Restoration Module System Purifier Long-range Tractor Beam Transdimensional Reconstructor Core Reset Matrix Heavy Machine Gun Advanced Remote Datajack Guided Remote Datajack Force Lance Peak State ------------ > --- POWER ------------ Singularity Reactor > --- PROPULSION ------- Experimental Biometal Heavy Treads Enhanced Armored Heavy Treads > --- UTILITY ---------- Experimental Cooling System Experimental Coolant Injector High-capacity Storage Unit High-capacity Storage Unit High-capacity Storage Unit High-capacity Storage Unit Spectral Analyzer Experimental Targeting Computer Advanced Armor Integrity Analyzer Advanced Kinecellerator Experimental Phase Shifter Heavy Regenerative Plating System Purifier > --- WEAPON ----------- Enhanced Nova Cannon Enhanced Nova Cannon Graviton Cannon Graviton Cannon > --- INVENTORY -------- Zero-point Reactor Zero-point Reactor Zero-point Reactor Enhanced Armored Heavy Treads Experimental Power Amplifier Improved Energy Well Experimental Energy Well Matter Compressor Experimental Matter Compressor Long-range Terrain Scanner Precision Energy Filter Advanced Particle Accelerator Quantum Capacitor Advanced Transmission Jammer Advanced Phase Shifter EM Dispersion Field Antimissile System System Restoration Module Long-range Tractor Beam Transdimensional Reconstructor Core Reset Matrix Gamma Rifle Gamma Rifle Gamma Rifle Enhanced Nova Cannon Potential Cannon Warp Cannon Helical Railgun Gamma Bomb Array Gamma Bomb Array Advanced Remote Datajack Guided Remote Datajack Force Lance [Rating: 226] Favorites ----------- Power Quantum Reactor Engine Reinforced Deuterium Engine Power Core Reinforced Fission Core Reactor Quantum Reactor Propulsion Centrium Heavy Treads Treads Centrium Heavy Treads Leg Biometal Leg Wheel Armored Wheel Utility High-capacity Storage Unit Device Long-range Terrain Scanner Storage High-capacity Storage Unit Processor Experimental Targeting Computer Hackware Relay Coupler [Grunt] Protection Centrium Medium Armor Plating Weapon Flak Gun Energy Gun Gamma Rifle Energy Cannon Enhanced Nova Cannon Ballistic Gun Flak Gun Ballistic Cannon Hypervelocity Mass Driver Launcher Long-range Missile Launcher Special Weapon Remote Datajack Slashing Weapon Katana Piercing Weapon Force Lance Special Melee Weapon Improved Datajack Build | -11 -10 -10 -10 -9 -8 -8 -8 -8 -7 -7 -7 -7 -6 -6 -6 -6 -6 -6 -6 -6 -5 -5 -4 -4 -3 -3 -3 -2 -1 -1 ------- Run | Scr Mat Min Exi Min Mat Gar Mat Gar Fac Gar Fac Gar Fac Was Fac Ext Cet Arc Hub Gar Fac Gar Fac Gar Res Arm Lab Res Acc Com Slots Evolved 18 | . . . . . 4 . . . 2 . . . 2 . . . . . . . 2 . 2 . 2 . . 2 2 . Power 2 | . . . . . . . . . . . . . . . . . . . . . 1 . . . . . . . 1 . Propulsion 2 | . . . . . . . . . . . . . 1 . . . . . . . 1 . . . . . . . . . Utility 12 | . . . . . 3 . . . 2 . . . 1 . . . . . . . . . 2 . 2 . . 2 . . Weapon 2 | . . . . . 1 . . . . . . . . . . . . . . . . . . . . . . . 1 . Parts Attached 966 | 7 21 9 2 3 40 12 19 9 44 37 44 34 4 8 5 7 16 5 30 14 65 35 28 18 50 88 21 62 87 142 Power 56 | 1 2 2 . . 6 1 . . 2 1 1 1 . 1 . . 2 . 2 . 3 3 1 . . 3 . 7 7 10 Engine 12 | 1 2 . . . 4 1 . . 2 . . 1 . . . . . . . . . 1 . . . . . . . . Core 13 | . . 2 . . 2 . . . . 1 1 . . . . . . . . . . 2 1 . . . . 2 1 1 Reactor 31 | . . . . . . . . . . . . . . 1 . . 2 . 2 . 3 . . . . 3 . 5 6 9 Propulsion 88 | 2 7 3 . 1 9 3 2 2 5 4 1 2 1 1 . 1 2 1 1 1 3 2 1 3 1 6 1 1 13 8 Treads 54 | 2 3 3 . 1 8 3 . 2 3 2 . 2 . 1 . 1 2 1 1 1 2 . 1 1 . 4 . . 2 8 Leg 13 | . 2 . . . . . . . . . . . . . . . . . . . . . . . . . . . 11 . Wheel 21 | . 2 . . . 1 . 2 . 2 2 1 . 1 . . . . . . . 1 2 . 2 1 2 1 1 . . Hover . | . . . . . . . . . . . . . . . . . . . . . . . . . . . . . . . Flight . | . . . . . . . . . . . . . . . . . . . . . . . . . . . . . . . Utility 405 | 2 3 . . . 8 1 8 2 16 15 13 13 2 4 1 2 4 2 16 9 29 12 17 10 27 44 4 31 31 79 Device 220 | . . . . . 2 1 3 1 7 3 2 5 2 2 . . . 2 8 3 11 3 8 1 16 34 2 19 22 63 Storage 23 | 2 3 . . . 2 . 3 . . 2 4 . . . . . . . 1 . . . . 1 . . . . . 5 Processor 16 | . . . . . . . 1 . 1 . . . . . . . . . 1 . 1 . 2 1 3 2 . . 1 3 Hackware 50 | . . . . . . . 1 1 2 3 3 4 . 1 . 1 . . 2 3 7 5 3 3 4 2 . 2 2 1 Protection 96 | . . . . . 4 . . . 6 7 4 4 . 1 1 1 4 . 4 3 10 4 4 4 4 6 2 10 6 7 Artifact . | . . . . . . . . . . . . . . . . . . . . . . . . . . . . . . . Weapon 417 | 2 9 4 2 2 17 7 9 5 21 17 29 18 1 2 4 4 8 2 11 4 30 18 9 5 22 35 16 23 36 45 Energy Gun 17 | . 4 . . . 1 . . . 1 . 1 . . . . . 1 . . . . . . . . . . . . 9 Energy Cannon 82 | . . . . . 1 1 2 . 5 2 2 3 . . 2 1 1 . 2 . 7 . 2 . 2 16 4 8 8 13 Ballistic Gun 208 | 2 5 2 2 1 15 5 6 3 12 8 15 10 1 . . 2 4 1 6 1 13 12 4 3 7 14 9 12 20 13 Ballistic Cannon 9 | . . . . . . . . . . . . . . . . . . . . . 1 . . . 1 4 . . . 3 Launcher 20 | . . 2 . 1 . 1 . . . 1 . . . . . . 2 . . 1 . 2 . . 2 1 . . 3 4 Special Weapon 58 | . . . . . . . . . 1 3 7 5 . 1 2 . . 1 3 2 7 3 3 2 7 . 2 3 5 1 Impact Weapon . | . . . . . . . . . . . . . . . . . . . . . . . . . . . . . . . Slashing Weapon 14 | . . . . . . . . . 1 3 4 . . 1 . . . . . . 1 1 . . 3 . . . . . Piercing Weapon 4 | . . . . . . . . . . . . . . . . 1 . . . . . . . . . . 1 . . 2 Special Melee Weapon 5 | . . . . . . . 1 2 1 . . . . . . . . . . . 1 . . . . . . . . . Unidentified Prototypes 35 | . . . . . 3 . . . 2 . 1 . . . . . 4 . 2 . . . . . 1 . 5 . . 17 Parts Lost 93 | . 6 . . 1 3 2 1 . 4 4 . 1 . . . . . . 3 1 1 1 . 1 . . . 10 12 42 Power 14 | . 1 . . . 1 . . . . . . . . . . . . . . . . 1 . . . . . 2 3 6 Propulsion 9 | . 1 . . . . . . . . 2 . . . . . . . . . . . . . . . . . . 3 3 Utility 38 | . . . . . 1 . 1 . 2 1 . 1 . . . . . . 1 1 1 . . . . . . 6 5 18 Weapon 32 | . 4 . . 1 1 2 . . 2 1 . . . . . . . . 2 . . . . 1 . . . 2 1 15 Highest Loss Streak 22 | . 2 . . 1 1 2 1 . 1 3 . 1 . . . . . . 2 1 1 1 . 1 . . . 6 4 22 Average Slot Usage (%) 93 | . 98 100 100 99 99 99 99 100 99 99 99 99 100 94 93 93 92 93 91 92 87 79 93 89 92 91 94 92 93 82 Engine 2 | . 13 . . . 4 5 9 9 6 5 . 6 6 1 . . . . . . . 1 . . . . . . . . Core 2 | . . 13 14 14 4 3 . . . 1 7 . . . . . . . . . . 2 10 10 9 . . . . . Reactor 3 | . . . . . . . . . . . . . . 4 6 6 6 6 6 6 10 6 . . . 8 9 7 10 9 Treads 10 | . 12 28 28 28 16 18 3 16 7 14 . 14 13 13 13 13 13 13 13 13 10 5 5 9 4 4 4 4 2 7 Wheel 3 | . 10 . . . 1 . 14 1 6 . 15 . 6 1 . . . . . . . 5 10 . 6 6 9 8 3 . Device 6 | . . . . . 3 9 8 8 6 2 . 5 13 11 8 . . 12 10 . 2 2 4 2 2 7 7 12 12 18 Storage 25 | . 28 28 28 28 36 36 36 36 30 30 30 30 26 26 26 26 26 26 26 26 23 23 21 21 19 19 19 17 16 16 Processor 9 | . . . . . . . . . 7 7 7 7 6 6 6 6 6 6 3 6 6 11 15 20 24 23 22 17 15 11 Hackware 4 | . . . . . . . . . . 4 9 1 . 6 6 11 6 . . 6 9 5 9 5 7 5 4 7 6 3 Protection 3 | . . . . . 5 . . . 6 7 4 6 6 1 3 6 12 6 9 11 2 2 1 2 1 . 1 4 5 3 Energy Cannon 1 | . . . . . . . 2 . . . . 2 . . 3 . 2 . . . 1 . . . . 3 1 2 3 2 Ballistic Gun 15 | . 16 27 28 27 25 26 24 26 21 20 19 19 20 13 13 18 15 20 18 13 12 7 12 14 9 5 8 6 8 5 Naked Turns . | . . . . . . . . . . . . . . . . . . . . . . . . . . . . . . . Heaviest Build 270 | 13 76 75 73 73 132 140 146 142 151 148 157 177 178 179 172 169 194 180 185 181 197 195 178 178 188 208 219 226 247 270 Greatest Support 170 | 40 40 40 40 40 44 52 42 42 42 40 24 48 48 90 90 100 110 110 108 108 160 80 70 150 80 150 32 80 145 170 Greatest Overweight (x) 59 | . 8 1 1 1 8 3 6 5 12 5 6 3 3 3 1 1 1 59 1 1 6 14 7 7 14 7 6 7 7 2 Average Overweight (x) 3 | . 1 1 1 1 3 2 4 3 4 3 5 3 3 1 1 1 1 8 1 1 1 5 6 1 5 5 5 5 3 1 Largest Inventory Capacity 36 | 8 20 20 20 20 34 34 34 34 34 34 36 36 36 36 36 36 36 36 36 36 36 36 36 36 36 36 36 36 36 36 Average Capacity 34 | 6 16 20 20 20 33 34 34 34 34 34 35 36 36 36 36 36 36 36 36 36 36 36 36 36 36 36 36 36 36 35 Most Carried 36 | 3 20 20 20 20 34 34 34 34 34 34 36 36 36 36 36 36 36 36 36 36 36 36 36 36 36 36 36 36 36 36 Average Carried 33 | 1 13 19 19 19 30 33 33 33 33 32 34 35 35 35 35 35 35 34 35 35 35 34 34 34 35 35 35 35 35 34 Final Capacity 36 | 8 20 20 20 20 34 34 34 34 34 34 36 36 36 36 36 36 36 36 36 36 36 36 36 36 36 36 36 36 36 28 Final Carried 36 | 3 20 20 20 20 34 34 34 34 34 34 36 36 36 36 36 36 35 36 36 36 34 36 36 36 36 36 36 36 36 20 Class Distribution -------------------- 17% | Bothacker-Mutant 15% | Hauler-Skirmisher 12% | Bothacker-Skirmisher 12% | Botlord-Mutant 10% | Botlord-Skirmisher 8% | Hauler-Mutant 7% | Bothacker-Gunner Dominant Class ---------------- Hauler-Mutant | -10/Materials Hauler-Mutant | -10/Mines Hauler-Mutant | -10/Exiles Hauler-Mutant | -9/Mines Hauler-Skirmisher | -8/Materials Hauler-Skirmisher | -8/Garrison Hauler-Skirmisher | -8/Materials Hauler-Skirmisher | -8/Garrison Hauler-Skirmisher | -7/Factory Hauler-Skirmisher | -7/Garrison Bothacker-Mutant | -7/Factory Botlord-Tank | -7/Garrison Botlord-Gunner | -6/Factory Botlord-Assassin | -6/Waste Botlord-Mutant | -6/Factory Botlord-Skirmisher | -6/Extension Bothacker-Tank | -6/Cetus Bothacker-Gunner | -6/Archives Bothacker-Gunner | -6/Hub_04(d) Botlord-Mutant | -6/Garrison Bothacker-Skirmisher | -5/Factory Bothacker-Mutant | -5/Garrison Botlord-Skirmisher | -4/Factory Botlord-Gunner | -4/Garrison Botlord-Skirmisher | -3/Research Bothacker-Mutant | -3/Armory Bothacker-Mutant | -3/Lab Hauler-Skirmisher | -2/Research Botlord-Skirmisher | -1/Access Generator-Gunner | -1/Command Resources | -11 -10 -10 -10 -9 -8 -8 -8 -8 -7 -7 -7 -7 -6 -6 -6 -6 -6 -6 -6 -6 -5 -5 -4 -4 -3 -3 -3 -2 -1 -1 ----------- Run | Scr Mat Min Exi Min Mat Gar Mat Gar Fac Gar Fac Gar Fac Was Fac Ext Cet Arc Hub Gar Fac Gar Fac Gar Res Arm Lab Res Acc Com Matter Collected 32042 | 280 403 280 . 106 1602 891 308 410 1386 1194 945 863 . 215 45 305 293 444 1569 667 1753 1240 561 813 1844 2908 418 2093 3456 4750 Remotely 5035 | . . . . . . . . . 95 349 . . . . . . . . 364 . 376 . 125 . 304 702 . 1158 1044 518 Salvage Created 35719 | 104 1005 408 . 47 2318 691 297 204 1804 1247 941 488 . 74 . 514 634 576 2744 578 2748 1818 446 873 1836 2749 168 1819 3246 5342 Parts 1643 | 6 77 24 . 5 113 34 18 11 90 55 56 31 . 3 . 22 38 33 109 38 115 47 18 40 97 157 9 88 132 177 Haulers Intercepted 18 | . 2 . . . 6 . 1 . 4 . 2 . . . . . . . . . 2 . . . . . . 1 . . Recyclers Shooed 23 | 1 3 . . . 2 . . . 3 . 1 . . . . . . . . . 6 . 4 . . . . . 1 2 Parts Field Recycled . | . . . . . . . . . . . . . . . . . . . . . . . . . . . . . . . Retrieved Matter . | . . . . . . . . . . . . . . . . . . . . . . . . . . . . . . . Parts Self-Destructed . | . . . . . . . . . . . . . . . . . . . . . . . . . . . . . . . Prevented . | . . . . . . . . . . . . . . . . . . . . . . . . . . . . . . . Kills | -11 -10 -10 -10 -9 -8 -8 -8 -8 -7 -7 -7 -7 -6 -6 -6 -6 -6 -6 -6 -6 -5 -5 -4 -4 -3 -3 -3 -2 -1 -1 ------- Run | Scr Mat Min Exi Min Mat Gar Mat Gar Fac Gar Fac Gar Fac Was Fac Ext Cet Arc Hub Gar Fac Gar Fac Gar Res Arm Lab Res Acc Com Combat Hostiles Destroyed 451 | . 18 10 . 3 33 15 2 4 24 22 10 11 . . . 6 9 3 23 21 21 24 4 15 22 37 1 18 36 59 Melee 7 | . . . . . 1 . . . . 1 . . . . . . . . . . . . . . 2 . 1 . . 2 Guns 334 | . 18 4 . 1 32 14 1 4 21 19 10 10 . . . 6 5 3 23 14 19 18 4 15 18 15 . 13 25 22 Cannons 46 | . . . . . . . 1 . 3 1 . . . . . . 1 . . . 2 . . . . 15 . 3 1 19 AOE 37 | . . 6 . 2 . . . . . 1 . 1 . . . . 1 . . 7 . 3 . . 2 . . . 4 10 Classes Destroyed 23 | 2 7 1 . . 4 2 . . 1 . . . . 1 . . . . 2 . . . . . . 2 . . . 1 Worker 23 | . 1 . . . 3 . 1 . 3 . 4 . . . . . . . 4 . 4 . . . . . . . . 3 Builder 15 | . 2 . . . 1 . 1 . 3 . 1 . . . . . . . 2 . 1 . . . . . . 3 1 . Tunneler 7 | 2 . . . . . . . . 1 . 2 . . . . . . . 2 . . . . . . . . . . . Hauler 18 | . 2 . . . 6 . 1 . 4 . 2 . . . . . . . . . 2 . . . . . . 1 . . Recycler 39 | 1 1 . . . 2 . 1 . 6 . 2 . . . . 1 . . 8 . 8 . 1 . 1 . . . 4 3 Carrier 1 | . . . . . 1 . . . . . . . . . . . . . . . . . . . . . . . . . Mechanic 3 | . . 1 . . 1 . . . . . 1 . . . . . . . . . . . . . . . . . . . Operator 17 | . 3 . . . 2 . . . . . . . . . . . . 7 . . . . . . . 2 . . 1 2 Drone 5 | . . . . . . . . . . . . . . . . . . . 1 . . . . . . . . . . 4 Watcher 30 | . 3 . . . 3 . 1 . 2 . 1 . . . . . 1 . 2 . 4 . 1 . 1 3 . 2 4 2 Swarmer 70 | . 3 . . 2 4 3 . . 6 9 1 4 . . . . . . 1 16 . . . 5 . 3 . . 5 8 Saboteur 1 | . . . . . . . . . . . . . . . . . . . . . . . . . . 1 . . . . Grunt 155 | . 15 10 . 1 22 8 1 4 8 11 4 3 . . . 4 3 . 5 1 10 19 1 9 7 3 . 3 3 . Brawler 10 | . . . . . 1 1 . . 1 . . 1 . . . . 1 . . . . 2 . . 1 1 . . 1 . Duelist 7 | . . . . . 2 . . . 1 . 1 . . . . . . . . . . . . . . 3 . . . . Protector 5 | . . . . . . . . . . . . . . . . . . . 1 . . . . . 2 1 1 . . . Sentry 38 | . . . . . 4 1 . . 3 2 3 2 . . . 2 . 3 3 2 1 2 . . 2 3 . 2 1 2 Demolisher 1 | . . . . . . . . . . . . . . . . . . . . . . 1 . . . . . . . . Specialist 4 | . . . . . . . . . . . . . . . . . . . . . . . . . . 4 . . . . Hunter 33 | . . . . . . 1 1 . 1 1 . 1 . . . . 1 . 4 . 1 . . . 4 2 . . 7 9 Programmer 74 | . . . . . . . . . 4 . 1 . . . . . . . 1 2 9 . 3 . 8 16 . 5 10 15 Behemoth 3 | . . . . . . 1 . . . . . . . . . . . . 1 . . . . 1 . . . . . . Cetus Guard 4 | . . . . . . . . . . . . . . . . . 4 . . . . . . . . . . . . . M Guard 1 | . . . . . . . . . . . . . . . . . . . . . . . . . . . . . . 1 Enhanced Q-Series 18 | . . . . . . . . . . . . . . . . . . . . . . . . . . . . . . 18 Lightning 6 | . . . . . . . . . . . . . . . . . . . 6 . . . . . . . . . . . Tracker 9 | . . . . . . . . . . . . . . . . . . . . . . . . . . . . 4 5 . Combat Programmer 12 | . . . . . . . . . . . . . . . . . . . . . . . . . . . . 5 5 2 Surgeon 2 | . . . . . . . . . . . . . . . . . . 2 . . . . . . . . . . . . Thug 2 | . . 1 . . . . . . . . . . . . . 1 . . . . . . . . . . . . . . Martyr 1 | . . . . . . . . . . . . . . 1 . . . . . . . . . . . . . . . . Best Kill Streak 9 | 2 5 4 . 2 5 5 3 2 7 4 3 3 . . . 4 5 3 7 8 6 9 2 4 4 5 1 3 8 9 Combat Bots Only 9 | . 2 3 . 2 5 5 1 2 4 4 3 3 . . . 3 5 3 5 8 5 9 2 4 4 5 1 3 5 9 Max Kills in Single Turn 4 | 1 1 2 . 2 2 1 1 1 3 1 2 2 . 1 . 2 2 1 4 4 2 2 2 2 2 2 1 1 4 3 Gunslinging 1 | . . . . . 1 . . . 1 . . 1 . . . 1 . . 1 1 . . 1 1 . . . . . . Exploded 4 | . . 2 . 2 . . . . . 1 . 1 . . . . 1 . . 4 . 1 . . 2 . . . 3 3 Melee 1 | . . . . . 1 . . . . 1 . . . . . . . . . . . . . . 1 . 1 . . 1 Uniques/NPCs Destroyed 3 | . . . . . . . . . . . . . . . . . 1 . . . . . . . . . 1 . . 1 Revision 17 (-6/Cetus) A5 (-3/Lab) MAIN.C Shell (-1/Command) Combat | -11 -10 -10 -10 -9 -8 -8 -8 -8 -7 -7 -7 -7 -6 -6 -6 -6 -6 -6 -6 -6 -5 -5 -4 -4 -3 -3 -3 -2 -1 -1 -------- Run | Scr Mat Min Exi Min Mat Gar Mat Gar Fac Gar Fac Gar Fac Was Fac Ext Cet Arc Hub Gar Fac Gar Fac Gar Res Arm Lab Res Acc Com Damage Taken 41961 | . 879 558 . 112 1466 1034 183 189 1190 1528 886 652 . . 18 339 300 312 2827 730 1255 757 227 1009 1333 1429 320 3726 4332 14370 Core 3485 | . 72 97 . 29 315 108 42 37 105 144 103 52 . . . 16 . 49 91 5 71 35 9 84 65 116 6 208 288 1338 Absorbed by Shields 5216 | . . . . . 243 288 35 75 64 101 . 96 . . 6 90 124 . . . . 109 192 552 98 100 . 1005 1416 622 Reduced by Siege Mode 1588 | . . . . . . . . . . . . . . . . . . . 127 2 18 5 . 91 39 32 29 369 176 700 Core Remaining (%) 68 | 100 . . . 20 . . . 8 . . . 42 . . . . . . . 81 . 89 . 91 . . 100 85 . . Volleys Fired 2133 | 9 105 31 . 6 187 62 20 19 96 79 55 58 . 11 10 19 16 34 117 51 111 79 44 59 110 165 20 133 176 251 Largest 4 | 2 2 2 . 2 3 3 3 3 3 3 3 3 . 2 1 3 3 3 3 3 3 3 3 3 3 3 3 3 4 4 Hottest 380 | 40 115 40 . 43 107 69 79 79 90 74 90 118 . 56 90 146 240 105 105 85 160 100 100 100 131 172 116 200 188 380 Shots Fired 4478 | 18 209 57 . 11 555 164 48 43 222 186 105 98 . 19 10 51 28 98 285 99 223 169 94 133 230 269 42 210 348 454 Gun 3631 | 18 209 52 . 10 553 158 42 43 198 163 79 63 . 16 . 46 20 96 275 92 172 149 79 122 184 114 33 149 276 220 Cannon 603 | . . . . . 2 5 6 . 18 7 11 14 . . 7 3 5 . 1 . 27 . 5 . 14 155 8 53 51 211 Launcher 56 | . . 5 . 1 . 1 . . . 2 . . . . . . 3 . . 3 . 7 . . 5 . . . 9 20 Special 188 | . . . . . . . . . 6 14 15 21 . 3 3 2 . 2 9 4 24 13 10 11 27 . 1 8 12 3 Kinetic 3711 | 18 163 52 . 10 543 158 42 43 198 163 79 63 . 16 . 46 19 96 275 92 172 149 79 122 195 180 33 149 276 280 Thermal 386 | . 41 . . . 10 . . . 18 . 8 8 . . 7 3 1 . 1 . 21 . 3 . 3 61 8 41 35 117 Explosive 16 | . . 5 . 1 . 1 . . . 2 . . . . . . . . . 3 . 2 . . 1 . . . 1 . Electromagnetic 177 | . 5 . . . 2 5 6 . . 7 3 6 . . . . 8 . . . 6 5 2 . 4 28 . 12 24 54 Robot Hit Streak 48 | 12 13 8 . 13 15 19 4 7 14 17 26 18 . 10 6 19 19 16 23 12 28 17 18 22 40 24 22 29 35 48 Robot Miss Streak 13 | 1 5 4 . . 6 3 12 6 13 6 5 10 . 3 1 7 4 3 4 3 3 2 2 1 2 6 1 3 3 4 Penetration Max 2 | . . . . . . . . . . . . . . . . . 1 . 1 1 1 1 1 1 1 1 1 1 1 2 Secondary Targets 66 | . . 2 . 1 9 3 . 1 4 6 3 2 . . . 1 1 . 9 1 3 2 1 5 3 1 . 2 4 2 Max Gunslinging Chain 2 | . . 1 . 1 1 1 . 1 1 1 1 1 . . . 1 1 . 1 1 1 1 1 2 1 1 . 1 1 1 Capacitor 40 | . . . . . . . . . . . . . . . . . . . . . . . . . . . . . . 40 Shots Hit Robots 3147 | 14 137 35 . 10 311 100 22 41 189 142 97 81 . 24 2 41 15 67 205 40 150 111 68 94 186 131 38 147 256 393 Core Hits 1600 | 6 62 29 . 7 126 35 11 17 163 82 69 67 . 16 . 50 33 25 92 23 62 80 13 32 55 67 12 66 125 175 Critical Hits 293 | 1 . . . . 2 . . . . 1 . . . . . . 2 14 43 10 27 17 6 8 18 72 2 30 13 27 Critical Kills 95 | 1 . . . . 1 . . . . 1 . . . . . . 2 3 8 5 13 6 2 3 4 29 1 7 3 6 Critical Parts Destroyed 185 | . . . . . 1 . . . . . . . . . . . . 10 34 4 14 11 3 3 14 43 1 22 7 18 Melee Attacks 105 | . . . . . . . 3 15 3 12 26 . . 5 . 2 . . . . 1 1 . . 9 . 9 . . 19 Impact . | . . . . . . . . . . . . . . . . . . . . . . . . . . . . . . . Slashing 56 | . . . . . . . . . 2 12 26 . . 5 . . . . . . 1 1 . . 9 . . . . . Piercing 30 | . . . . . . . . . . . . . . . . 2 . . . . . . . . . . 9 . . 19 Sneak Attacks 44 | . . . . . . . 1 13 1 5 10 . . 5 . 1 . . . . . . . . 4 . . . . 4 Combat Hostiles 8 | . . . . . . . . . . 5 . . . . . . . . . . . . . . 3 . . . . . Follow-up Attacks . | . . . . . . . . . . . . . . . . . . . . . . . . . . . . . . . Damage Inflicted 95546 | 103 1275 733 . 222 4014 1562 365 354 3578 2727 2425 1226 . 1006 60 1023 768 1887 6503 1973 4349 3825 1649 2150 5075 3642 1142 3930 10149 27831 Guns 58281 | 103 1252 275 . 113 3972 1425 209 354 2767 1615 1243 963 . 517 . 854 369 1887 5839 1322 3968 2522 1579 2150 4088 942 756 2947 7499 6751 Cannons 18975 | . . . . . . 129 156 . 371 216 61 184 . . . 61 99 . . . 381 . 70 . 56 2611 . 954 1622 12004 Explosions 13670 | . 23 458 . 109 . 8 . . 440 161 . 79 . . 60 . 300 . 664 651 . 1191 . . 342 89 . . 936 8159 Melee 4398 | . . . . . . . . . . 710 1121 . . 489 . 108 . . . . . 112 . . 589 . 386 . . 883 Ramming 222 | . . . . . 42 . . . . 25 . . . . . . . . . . . . . . . . . 29 92 34 Kinetic 61492 | 103 908 275 . 113 3912 1425 209 354 2767 1615 1243 963 . 517 . 854 369 1887 5839 1322 3968 2522 1579 2150 4144 2029 756 2947 7499 9223 Thermal 18765 | . 295 . . . 60 . . . 371 59 61 200 . . . 61 100 . . . 213 . . . 125 151 . 477 740 15852 Explosive 2601 | . . 458 . 109 . 8 . . 440 102 . . . . 60 . . . . 651 . 267 . . . 89 . . 417 . Electromagnetic 8068 | . 72 . . . . 129 156 . . 216 . 63 . . . . 299 . 664 . 168 924 70 . 217 1373 . 477 1401 1839 Impact . | . . . . . . . . . . . . . . . . . . . . . . . . . . . . . . . Slashing 3021 | . . . . . . . . . . 710 1121 . . 489 . . . . . . . 112 . . 589 . . . . . Piercing 1377 | . . . . . . . . . . . . . . . . 108 . . . . . . . . . . 386 . . 883 Highest Corruption 32 | . . . . . 4 4 4 4 3 3 4 5 . . . . . . 2 3 8 8 2 2 1 5 2 16 11 32 Average Corruption 4 | . . . . . 3 4 4 4 2 3 3 4 . . . . . . 1 2 5 5 2 2 1 1 1 7 7 12 Corruption Purged 36 | . . . . . . . . . . . . 5 . . . . . . . . 2 8 . . . 6 . . . 15 Effects 779 | . . . . . 22 37 16 24 5 50 42 36 . . . . . . 7 23 48 52 7 26 7 35 4 44 75 219 Message Errors 157 | . . . . . . 9 2 7 1 9 12 9 . . . . . . 1 2 11 11 . 8 3 7 2 5 15 43 Matter Fused 132 | . . . . . 6 7 5 7 1 12 10 7 . . . . . . . 5 11 13 . . . 9 . 8 11 20 Heat Flow Errors 77 | . . . . . 7 2 . 4 . 6 2 2 . . . . . . . 2 4 6 3 4 . 4 . 7 5 19 Energy Discharges 78 | . . . . . 2 2 3 1 1 7 5 4 . . . . . . 1 6 3 4 2 2 . 4 1 2 8 20 Parts Rejected 3 | . . . . . 1 . . . . . . . . . . . . . . . 1 . . . . . . . . 1 Data Loss (minor) 96 | . . . . . 2 5 3 3 1 10 9 4 . . . . . . 2 3 7 9 2 6 2 6 . 4 6 12 Data Loss (major) 10 | . . . . . . . . . . . . 1 . . . . . . . . 2 1 . . . . . . 3 3 Misfires 11 | . . . . . . . . . . . . 3 . . . . . . . . 1 . . . . . . 1 2 4 Alerts 6 | . . . . . . . . . . . . . . . . . . . . . . . . . . . . 1 . 5 Misdirections 19 | . . . . . . . . . . . . . . . . . . . . . . . . . . . . . 2 17 Targeting Errors 156 | . . . . . 3 10 3 2 1 5 4 4 . . . . . . 3 4 6 7 . 4 2 5 1 12 16 64 Weapon Failures 34 | . . . . . 1 2 . . . 1 . 2 . . . . . . . 1 2 1 . 2 . . . 4 7 11 Overload Shots 4 | . . . . . . . . . . . . . . . . . 1 . . . . . . . . . 3 . . . Effects 1 | . . . . . . . . . . . . . . . . . . . . . . . . . . . 1 . . . Energy Bleed 1 | . . . . . . . . . . . . . . . . . . . . . . . . . . . 1 . . . Overflow Damage 2474 | . . . . 4 . . . . 139 9 252 2 . 86 20 . . . . 3 6 . . . 188 110 7 4 177 1467 Projectiles 1168 | . . . . . . . . . 9 . . 2 . . . . . . . . 6 . . . . 110 . 4 175 862 Explosions 657 | . . . . 4 . . . . 130 . . . . . 20 . . . . 3 . . . . . . . . 2 498 Melee 649 | . . . . . . . . . . 9 252 . . 86 . . . . . . . . . . 188 . 7 . . 107 Knockbacks 25 | . . . . . . . . . . . . . . . . . . . . . . . . . 1 11 . . . 13 Impact . | . . . . . . . . . . . . . . . . . . . . . . . . . . . . . . . Kinetic 24 | . . . . . . . . . . . . . . . . . . . . . . . . . 1 10 . . . 13 Secondary 1 | . . . . . . . . . . . . . . . . . . . . . . . . . . 1 . . . . Self-Inflicted Damage 414 | . 36 16 . 26 . 41 . . . . . . . . . . . . 22 . . 20 . . . . . . 84 169 Shots 15 | . 1 1 . 1 . 1 . . . . . . . . . . . . 1 . . 4 . . . . . . 1 5 Rammed 12 | . . . . . 4 . . . . 1 . . . . . . . . . . . . . . . . . 2 3 2 Targets Rammed 14 | . . . . . 5 . . . . 1 . . . . . . . . . . . . . . . . . 2 4 2 Kicked 1 | . . . . . . . . . . . . . . . . . . . . . . . . . . . . . 1 . Crushed 1 | . . . . . 1 . . . . . . . . . . . . . . . . . . . . . . . . . Highest Temperature 603 | . 423 79 . 6 273 260 108 212 363 291 213 187 . 7 264 218 198 36 200 279 242 316 229 310 178 264 186 351 372 603 Average Temperature 65 | . 87 27 . 4 55 52 35 64 74 55 42 40 . 4 111 41 52 12 65 34 49 69 41 83 45 69 78 81 116 96 Received Heat Transfer 5126 | . 411 267 . 27 672 201 51 54 222 513 255 130 . . 6 93 50 36 306 87 261 285 19 127 195 84 . 27 51 696 Effects 25 | . 3 . . . . . . . 1 1 . . . . . . . . . . 4 . . 2 . . . 1 2 11 Shutdowns 5 | . . . . . . . . . . . . . . . . . . . . . . . . . . . . 1 1 3 Energy Bleed 4 | . . . . . . . . . 1 1 . . . . . . . . . . . . . . . . . . . 2 Interference 13 | . 2 . . . . . . . . . . . . . . . . . . . 4 . . 2 . . . . . 5 Matter Decay 1 | . . . . . . . . . . . . . . . . . . . . . . . . . . . . . . 1 Short Circuit 1 | . 1 . . . . . . . . . . . . . . . . . . . . . . . . . . . . . Damage (minor) 1 | . . . . . . . . . . . . . . . . . . . . . . . . . . . . . 1 . Siege Activations 41 | . . . . . . . . . . . . . . . . . . 1 3 1 2 1 1 4 6 8 1 4 3 6 Total Turns 1126 | . . . . . . . . . . . . . . . . . . 17 230 9 52 18 10 96 92 91 42 199 135 135 Longest Duration 118 | . . . . . . . . . . . . . . . . . . 17 118 9 34 18 10 35 22 22 42 94 60 48 Robots Corrupted 33 | . . . . . . 1 . . . 1 . . . . . . 2 . . . 1 3 . . . 7 . 3 8 7 Combat Hostiles 26 | . . . . . . 1 . . . . . . . . . . 2 . . . . 3 . . . 7 . 2 6 5 Parts Fried 60 | . . . . . . 1 2 . . . . . . . . . 1 . 1 . 2 4 . . 1 21 . 4 12 11 Impact Corruptions 1 | . . . . . . . . . . . . . . . . . . . . . . . . . . . . . . 1 Robots Melted 2 | . . . . . . . . . . . . . . . . . . . . . . . . . . . . . . 2 Combat Hostiles 1 | . . . . . . . . . . . . . . . . . . . . . . . . . . . . . . 1 Parts Melted 10 | . . . . . . . . . . . . . . . . . . . . . 1 1 . 1 1 . . 1 1 4 Heat Transferred 14055 | . 740 . . . 111 . . . 407 100 74 198 . . . 74 100 . . . 222 . . . 100 200 . 485 733 10511 Parts Sabotaged . | . . . . . . . . . . . . . . . . . . . . . . . . . . . . . . . Parts Stolen . | . . . . . . . . . . . . . . . . . . . . . . . . . . . . . . . Parts Stripped . | . . . . . . . . . . . . . . . . . . . . . . . . . . . . . . . Power Chain Reactions 9 | . 1 . . . . . . . . 1 . 1 . . . . 1 . 1 . . . . . 1 . . . . 3 Missiles Intercepted 36 | . . . . . . . . . . . . . . . . . . . . . . . . . . . . . . 36 Alert | -11 -10 -10 -10 -9 -8 -8 -8 -8 -7 -7 -7 -7 -6 -6 -6 -6 -6 -6 -6 -6 -5 -5 -4 -4 -3 -3 -3 -2 -1 -1 ------- Run | Scr Mat Min Exi Min Mat Gar Mat Gar Fac Gar Fac Gar Fac Was Fac Ext Cet Arc Hub Gar Fac Gar Fac Gar Res Arm Lab Res Acc Com Peak Influence 1215 | 15 229 186 . 119 700 909 442 461 352 702 368 547 287 100 239 732 677 434 858 996 819 1215 669 673 548 786 . 181 413 342 Initial 637 | . 9 51 . . 46 427 442 148 241 246 368 33 287 100 . 5 409 232 15 530 522 573 637 129 378 257 . . 106 76 Average 355 | 7 112 79 . 87 343 619 261 365 113 553 100 435 287 28 70 188 485 167 398 815 433 869 367 535 454 249 . 64 224 205 Maximum Alert Level 4 | . 1 . . . 3 3 2 2 1 3 1 2 1 . 1 3 2 2 3 3 3 4 2 2 2 3 . . 2 1 Low Security (%) 36 | 100 95 100 . 100 33 . 38 8 72 . 82 15 . 100 96 73 . 55 23 . . . 16 2 . 42 . 100 46 42 Level 1 22 | . 4 . . . 27 . 56 21 27 16 17 5 100 . 3 14 25 26 33 . 56 . 49 14 16 44 . . 50 57 Level 2 29 | . . . . . 29 67 4 70 . 73 . 79 . . . 6 74 17 22 33 39 11 33 82 83 4 . . 3 . Level 3 10 | . . . . . 9 32 . . . 9 . . . . . 4 . . 19 66 4 72 . . . 7 . . . . Level 4 1 | . . . . . . . . . . . . . . . . . . . . . . 16 . . . . . . . . Level 5 . | . . . . . . . . . . . . . . . . . . . . . . . . . . . . . . . High Security . | . . . . . . . . . . . . . . . . . . . . . . . . . . . . . . . Max Security . | . . . . . . . . . . . . . . . . . . . . . . . . . . . . . . . Squads Dispatched 123 | . 5 2 . . 5 . 1 . 14 . 8 . . . 4 8 1 . 11 . 8 . 7 . 9 6 . 13 15 6 Investigation 25 | . 2 . . . . . 1 . 1 . 4 . . . 1 5 1 . 3 . . . 3 . 1 . . 2 1 . Extermination 34 | . . . . . . . . . 3 . 2 . . . 2 . . . 1 . 3 . 2 . 3 6 . 3 4 5 Reinforcement 31 | . 3 . . . 3 . . . 3 . . . . . 1 3 . . 4 . 4 . 1 . 4 . . 1 3 1 Assault 5 | . . 2 . . 2 . . . . . . . . . . . . . . . . . . . 1 . . . . . Garrison 14 | . . . . . . . . . 7 . 2 . . . . . . . 3 . 1 . 1 . . . . . . . Intercept 14 | . . . . . . . . . . . . . . . . . . . . . . . . . . . . 7 7 . Construction Impeded 6 | . . . . . 1 . . . 1 . . . . . . 1 . . . . 1 . . . 2 . . . . . Haulers Reinforced 9 | . . . . . . . . . 2 . . . . . . . . . 1 . 2 . . . 1 . . 1 2 . Stealth | -11 -10 -10 -10 -9 -8 -8 -8 -8 -7 -7 -7 -7 -6 -6 -6 -6 -6 -6 -6 -6 -5 -5 -4 -4 -3 -3 -3 -2 -1 -1 --------- Run | Scr Mat Min Exi Min Mat Gar Mat Gar Fac Gar Fac Gar Fac Was Fac Ext Cet Arc Hub Gar Fac Gar Fac Gar Res Arm Lab Res Acc Com Distress Signals 26 | . 2 . . . 2 . . 1 2 . 1 1 . . . 2 1 . 1 . 2 . . . 1 . . . 3 7 Communications Jammed 41 | . . . . . . . . . . . . . . . . . . . . . . . . . . 30 . 2 9 . Distress Signals 39 | . . . . . . . . . . . . . . . . . . . . . . . . . . 30 . 2 7 . Times Spotted 835 | . 30 13 . 5 65 19 7 13 36 26 19 31 . 5 4 35 15 19 52 23 51 38 18 34 60 48 1 23 49 96 Peak Tracking Total 11 | . 4 4 . 3 7 3 2 3 4 4 3 4 . 1 1 5 5 1 6 4 11 10 3 7 7 5 1 6 5 8 Tactical Retreats 32 | . 1 . . . 4 6 . . 1 . . . . . . . . . 3 . 2 5 . 1 2 5 . 1 . 1 Traps | -11 -10 -10 -10 -9 -8 -8 -8 -8 -7 -7 -7 -7 -6 -6 -6 -6 -6 -6 -6 -6 -5 -5 -4 -4 -3 -3 -3 -2 -1 -1 ------- Run | Scr Mat Min Exi Min Mat Gar Mat Gar Fac Gar Fac Gar Fac Was Fac Ext Cet Arc Hub Gar Fac Gar Fac Gar Res Arm Lab Res Acc Com Traps Triggered 64 | . 1 1 . . 3 3 . 2 . 8 1 9 1 . . . . . 2 7 2 14 . 4 1 1 . 2 2 . Indirectly 4 | . . . . . . . . . . . . . . . . . . . 1 . . 3 . . . . . . . . Trap Hack Attempts 9 | . . . . . . . . 9 . . . . . . . . . . . . . . . . . . . . . . Triggered . | . . . . . . . . . . . . . . . . . . . . . . . . . . . . . . . Disarmed . | . . . . . . . . . . . . . . . . . . . . . . . . . . . . . . . Reprogrammed 1 | . . . . . . . . 1 . . . . . . . . . . . . . . . . . . . . . . Reused . | . . . . . . . . . . . . . . . . . . . . . . . . . . . . . . . Traps Extracted . | . . . . . . . . . . . . . . . . . . . . . . . . . . . . . . . Installed . | . . . . . . . . . . . . . . . . . . . . . . . . . . . . . . . Triggered 1 | . . . . . . . . . . . . . . . . . . . 1 . . . . . . . . . . . Machines | -11 -10 -10 -10 -9 -8 -8 -8 -8 -7 -7 -7 -7 -6 -6 -6 -6 -6 -6 -6 -6 -5 -5 -4 -4 -3 -3 -3 -2 -1 -1 ---------- Run | Scr Mat Min Exi Min Mat Gar Mat Gar Fac Gar Fac Gar Fac Was Fac Ext Cet Arc Hub Gar Fac Gar Fac Gar Res Arm Lab Res Acc Com Machines Disabled 104 | . 1 . . . 5 1 . 1 4 3 3 2 . . 3 3 1 5 23 5 6 6 2 5 2 14 1 1 4 3 Max in Single Turn 8 | . 1 . . . 1 1 . 1 4 1 . 1 . . 2 1 1 1 8 1 2 1 1 1 1 1 1 1 1 1 Garrison Access 7 | . . . . . . . . . . . 2 . . . 1 . . . 1 . . . . . 1 . . . 2 . Garrison Relay 17 | . . . . . . 1 . 1 . 3 . 2 . . . . . . . 2 . 4 . 4 . . . . . . Network Hub 4 | . . . . . . . . . . . . . . . . . . . 4 . . . . . . . . . . . Machines Sabotaged 1 | . . . . . . . . . . . . . . . . . . . 1 . . . . . . . . . . . Garrisons Compromised 1 | . . . . . . . . . . . . . . . . . . . . . . . 1 . . . . . . . Overloaded Fab Kills . | . . . . . . . . . . . . . . . . . . . . . . . . . . . . . . . Fab Network Shutdowns 1 | . . . . . . . . . . . . . . . . . . . . . . . . . . 1 . . . . Hacking | -11 -10 -10 -10 -9 -8 -8 -8 -8 -7 -7 -7 -7 -6 -6 -6 -6 -6 -6 -6 -6 -5 -5 -4 -4 -3 -3 -3 -2 -1 -1 --------- Run | Scr Mat Min Exi Min Mat Gar Mat Gar Fac Gar Fac Gar Fac Was Fac Ext Cet Arc Hub Gar Fac Gar Fac Gar Res Arm Lab Res Acc Com Machines Accessed 97 | . 5 1 2 . 5 . 4 . 5 . 11 . . . 5 7 1 . 8 . 5 . 6 . 2 10 1 8 8 3 Terminals 53 | . 4 . . . 4 . 3 . 2 . 5 . . . 1 6 1 . 6 . . . 3 . . 5 . 5 5 3 Fabricators 14 | . . . . . . . . . 2 . 1 . . . 2 . . . . . 1 . 1 . 1 5 . 1 . . Repair Stations 4 | . . . . . . . . . . . 1 . . . 1 . . . . . 2 . . . . . . . . . Recycling Units 5 | . 1 . . . . . . . . . 1 . . . . 1 . . . . 1 . 1 . . . . . . . Scanalyzers 2 | . . . . . . . . . . . . . . . . . . . . . . . . . . . . 1 1 . Garrison Access 15 | . . . . . 1 . 1 . 1 . 3 . . . 1 . . . 2 . 1 . 1 . 1 . . 1 2 . Total Hacks 340 | . 12 1 5 . 16 . 12 . 8 . 33 . . . 14 18 2 . 17 . 18 . 29 . 4 60 1 42 36 12 Successful 165 | . 5 1 5 . 7 . 6 . 3 . 16 . . . 7 7 . . 12 . 10 . 15 . 2 23 1 24 18 3 Failed 174 | . 6 . . . 9 . 6 . 5 . 17 . . . 7 11 2 . 5 . 8 . 14 . 2 37 . 18 18 9 Catastrophic 38 | . . . . . 2 . 2 . 2 . 3 . . . . 3 1 . 2 . 1 . 2 . 1 8 . 4 6 1 Database Lockouts 1 | . 1 . . . . . . . . . . . . . . . . . . . . . . . . . . . . . Manual 138 | . 6 . 1 . 5 . 9 . 3 . 10 . . . 6 4 1 . 12 . 5 . 12 . . 29 . 13 18 4 Terminals 197 | . 10 . . . 14 . 10 . 2 . 20 . . . 3 15 2 . 13 . . . 14 . . 24 . 30 28 12 Fabricators 66 | . . . . . . . . . 3 . 5 . . . 6 . . . . . 2 . 8 . 2 36 . 4 . . Repair Stations 18 | . . . . . . . . . . . 1 . . . 4 . . . . . 13 . . . . . . . . . Recycling Units 12 | . 2 . . . . . . . . . 2 . . . . 3 . . . . 2 . 3 . . . . . . . Scanalyzers 10 | . . . . . . . . . . . . . . . . . . . . . . . . . . . . 6 4 . Garrison Access 30 | . . . . . 2 . 2 . 3 . 5 . . . 1 . . . 4 . 1 . 4 . 2 . . 2 4 . Terminal Hacks 63 | . 2 1 5 . 6 . 2 . . . 8 . . . 1 5 . . 3 . . . 6 . . 4 1 10 7 2 Record 5 | . . . 4 . . . . . . . . . . . . . . . . . . . . . . . 1 . . . Part Schematic 8 | . 1 . . . . . . . . . 2 . . . . 1 . . 1 . . . 1 . . 1 . . 1 . Robot Schematic 2 | . . . . . 1 . . . . . . . . . . . . . . . . . . . . 1 . . . . Robot Analysis 2 | . . . . . . . 1 . . . 1 . . . . . . . . . . . . . . . . . . . Prototype ID Bank 2 | . . . . . 1 . . . . . . . . . . . . . . . . . . . . . . 1 . . Open Door 8 | . . 1 . . . . . . . . . . . . . 3 . . . . . . . . . . . . 3 1 Branch Access Points 2 | . . . . . 1 . . . . . . . . . . . . . . . . . . . . . . 1 . . Machine Index 2 | . . . . . . . . . . . . . . . . . . . . . . . . . . . . 1 1 . Terminal Index 2 | . . . . . . . . . . . 1 . . . . . . . . . . . . . . . . 1 . . Fabricator Index 1 | . . . . . . . . . . . . . . . . . . . . . . . . . . . . 1 . . Garrison Index 1 | . . . . . . . . . . . . . . . . . . . . . . . . . . . . 1 . . Unreport Threat 11 | . . . . . . . 1 . . . 2 . . . . 1 . . . . . . 2 . . 2 . 1 2 . Locate Traps 4 | . . . . . 1 . . . . . . . . . . . . . . . . . 1 . . . . 1 . 1 Hauler Manifests 2 | . . . . . . . . . . . 1 . . . . . . . . . . . 1 . . . . . . . Registered Components 5 | . . . . . 1 . . . . . 1 . . . 1 . . . . . . . 1 . . . . 1 . . Registered Prototypes 1 | . 1 . . . . . . . . . . . . . . . . . . . . . . . . . . . . . Zone Layout 4 | . . . . . 1 . . . . . . . . . . . . . 2 . . . . . . . . 1 . . EX-Prototype ID Bank 1 | . . . 1 . . . . . . . . . . . . . . . . . . . . . . . . . . . Fabricator Hacks 20 | . . . . . . . . . 1 . 2 . . . 3 . . . . . . . 2 . . 10 . 2 . . Load Schematic 11 | . . . . . . . . . 1 . 1 . . . 2 . . . . . . . 1 . . 5 . 1 . . Build 9 | . . . . . . . . . . . 1 . . . 1 . . . . . . . 1 . . 5 . 1 . . Repair Station Hacks 7 | . . . . . . . . . . . . . . . . . . . . . 7 . . . . . . . . . Scan Component 4 | . . . . . . . . . . . . . . . . . . . . . 4 . . . . . . . . . Repair 3 | . . . . . . . . . . . . . . . . . . . . . 3 . . . . . . . . . Recycling Unit Hacks 2 | . 1 . . . . . . . . . . . . . . . . . . . . . 1 . . . . . . . Retrieve Components 2 | . 1 . . . . . . . . . . . . . . . . . . . . . 1 . . . . . . . Scanalyzer 7 | . . . . . . . . . . . . . . . . . . . . . . . . . . . . 4 3 . Insert Component 6 | . . . . . . . . . . . . . . . . . . . . . . . . . . . . 4 2 . Analyze 1 | . . . . . . . . . . . . . . . . . . . . . . . . . . . . . 1 . Garrison Access Hacks 19 | . . . . . 1 . 1 . 1 . 4 . . . 1 . . . 2 . 1 . 1 . 2 . . 1 4 . Unlock Access 7 | . . . . . 1 . 1 . 1 . 1 . . . . . . . 1 . 1 . 1 . . . . . . . Seal Access 7 | . . . . . . . . . . . 2 . . . 1 . . . 1 . . . . . 1 . . . 2 . Coupler Status 5 | . . . . . . . . . . . 1 . . . . . . . . . . . . . 1 . . 1 2 . Unauthorized Hacks 47 | . 2 . . . . . 3 . 1 . 2 . . . 2 2 . . 7 . 2 . 5 . . 9 . 7 4 1 Terminals 28 | . 1 . . . . . 2 . . . 1 . . . 1 1 . . 5 . . . 1 . . 6 . 5 4 1 Track 5 | . . . . . . . . . . . . . . . . . . . 2 . . . . . . 2 . 1 . . Assimilate 4 | . . . . . . . 1 . . . . . . . . . . . . . . . 1 . . . . 2 . . Botnet 13 | . . . . . . . . . . . 1 . . . 1 1 . . . . . . . . . 4 . 2 3 1 Detonate 2 | . . . . . . . . . . . . . . . . . . . 2 . . . . . . . . . . . Operators 3 | . 1 . . . . . 1 . . . . . . . . . . . . . . . . . . . . . 1 . Sabotage 1 | . . . . . . . . . . . . . . . . . . . 1 . . . . . . . . . . . Fabricators 5 | . . . . . . . . . . . . . . . . . . . . . . . 1 . . 3 . 1 . . Report 1 | . . . . . . . . . . . . . . . . . . . . . . . . . . 1 . . . . Prioritize 2 | . . . . . . . . . . . . . . . . . . . . . . . . . . 1 . 1 . . Siphon 1 | . . . . . . . . . . . . . . . . . . . . . . . . . . 1 . . . . Haulers 1 | . . . . . . . . . . . . . . . . . . . . . . . 1 . . . . . . . Repair Stations 3 | . . . . . . . . . . . 1 . . . 1 . . . . . 1 . . . . . . . . . Mechanics 3 | . . . . . . . . . . . 1 . . . 1 . . . . . 1 . . . . . . . . . Recycling Units 4 | . 1 . . . . . . . . . . . . . . 1 . . . . 1 . 1 . . . . . . . Mask 1 | . . . . . . . . . . . . . . . . . . . . . 1 . . . . . . . . . Tunnel 3 | . 1 . . . . . . . . . . . . . . 1 . . . . . . 1 . . . . . . . Scanalyzers . | . . . . . . . . . . . . . . . . . . . . . . . . . . . . . . . Garrison Access 7 | . . . . . . . 1 . 1 . . . . . . . . . 2 . . . 2 . . . . 1 . . Reprogram 2 | . . . . . . . . . . . . . . . . . . . 1 . . . 1 . . . . . . . Eject 5 | . . . . . . . 1 . 1 . . . . . . . . . 1 . . . 1 . . . . 1 . . Data Cores Recovered 2 | . . . . . . . . . . . . . . . . . . . . . . . . . . 1 . . . 1 Used . | . . . . . . . . . . . . . . . . . . . . . . . . . . . . . . . Hacking Detections 74 | . 4 . . . 3 . 3 . 5 . 10 . . . 4 6 2 . 6 . 3 . 4 . 1 9 . 7 5 2 Full Trace Events 10 | . . . . . . . . . . . 3 . . . 1 2 1 . . . . . 1 . . . . 1 1 . Feedback Events 1 | . . . . . . . . . . . 1 . . . . . . . . . . . . . . . . . . . Corruption 1 | . . . . . . . . . . . 1 . . . . . . . . . . . . . . . . . . . Feedback Blocked . | . . . . . . . . . . . . . . . . . . . . . . . . . . . . . . . Robot Schematics Acquired 2 | . . . . . 1 . . . . . . . . . . . . . . . . . . . . 1 . . . . Robots Built 6 | . . . . . . . . . . . 1 . . . . . . . . . . . 1 . . 4 . . . . Matter 1494 | . . . . . . . . . . . 219 . . . . . . . . . . . 219 . . 1056 . . . . Time 480 | . . . . . . . . . . . 116 . . . . . . . . . . . 58 . . 306 . . . . Total Robot Build Rating 38 | . . . . . . . . . . . 3 . . . . . . . . . . . 3 . . 32 . . . . Part Schematics Acquired 9 | . 1 . . . . . . . . . 2 . . . . 1 . . 1 . . . 1 . . 1 . . 2 . Parts Built 5 | . . . . . . . . . . . . . . . 2 . . . . . . . . . . 2 . 1 . . Matter 1001 | . . . . . . . . . . . . . . . 146 . . . . . . . . . . 570 . 285 . . Time 377 | . . . . . . . . . . . . . . . 73 . . . . . . . . . . 228 . 76 . . Total Part Build Rating 21 | . . . . . . . . . . . . . . . 6 . . . . . . . . . . 10 . 5 . . Parts Repaired 3 | . . . . . . . . . . . . . . . . . . . . . 3 . . . . . . . . . Time 157 | . . . . . . . . . . . . . . . . . . . . . 157 . . . . . . . . . Parts Recycled . | . . . . . . . . . . . . . . . . . . . . . . . . . . . . . . . Recycled Matter . | . . . . . . . . . . . . . . . . . . . . . . . . . . . . . . . Retrieved Matter . | . . . . . . . . . . . . . . . . . . . . . . . . . . . . . . . Retrieved Components 12 | . 10 . . . . . . . . . . . . . . . . . . . . . 2 . . . . . . . Parts Scanalyzed 1 | . . . . . . . . . . . . . . . . . . . . . . . . . . . . . 1 . Part Schematics Acquired 1 | . . . . . . . . . . . . . . . . . . . . . . . . . . . . . 1 . Parts Damaged . | . . . . . . . . . . . . . . . . . . . . . . . . . . . . . . . Bothacking | -11 -10 -10 -10 -9 -8 -8 -8 -8 -7 -7 -7 -7 -6 -6 -6 -6 -6 -6 -6 -6 -5 -5 -4 -4 -3 -3 -3 -2 -1 -1 ------------ Run | Scr Mat Min Exi Min Mat Gar Mat Gar Fac Gar Fac Gar Fac Was Fac Ext Cet Arc Hub Gar Fac Gar Fac Gar Res Arm Lab Res Acc Com Used RIF Installer 7 | . . . . . . 1 . 1 . 1 . 1 . . . . . . . 1 . 1 . 1 . . . . . . Coupler Efficiency 1 | . . . . . . . . . . . . . . . . . . . . . . . . 1 . . . . . . Threat Obfuscator 1 | . . . . . . . . 1 . . . . . . . . . . . . . . . . . . . . . . Zone Cloak 1 | . . . . . . . . . . . . 1 . . . . . . . . . . . . . . . . . . Robot Detection 1 | . . . . . . . . . . . . . . . . . . . . 1 . . . . . . . . . . Autooverride 1 | . . . . . . . . . . 1 . . . . . . . . . . . . . . . . . . . . Autoassimilate 1 | . . . . . . . . . . . . . . . . . . . . . . 1 . . . . . . . . Robots Hacked 128 | . . . . . . . 1 2 4 6 7 9 . 3 2 2 . 1 4 4 17 7 7 9 23 . 1 6 11 2 Non-combat 35 | . . . . . . . . . 1 . 4 . . . 1 1 . 1 1 . 8 1 2 . 4 . . 2 7 2 Combat 93 | . . . . . . . 1 2 3 6 3 9 . 3 1 1 . . 3 4 9 6 5 9 19 . 1 4 4 . Autooverrided 11 | . . . . . . . . . . . . 1 . . . . . . . . 2 3 . . 3 . . 2 . . Autoassimilated 7 | . . . . . . . . . . . . . . . . . . . . . . 1 2 1 3 . . . . . Robot Hacks Applied 129 | . . . . . . . 2 2 4 6 9 8 . 3 2 2 . 1 6 4 17 5 8 8 21 . 1 6 11 3 parse_system 9 | . . . . . . . . . . . 1 1 . . 1 . . . 1 . . 1 . . 1 . 1 1 1 . start_evac 1 | . . . . . . . . . . . . . . . . . . . . . . . . . . . . 1 . . find_chute 1 | . . . . . . . . . 1 . . . . . . . . . . . . . . . . . . . . . ignore_repairs 3 | . . . . . . . . . . . . . . . . . . . . . . . 3 . . . . . . . drop_inventory 9 | . . . . . . . . . . . 1 . . . . . . . . . 4 . . . 1 . . . 3 . recall_reinforcements 1 | . . . . . . . . . . . . . . . . . . . . . . . . . 1 . . . . . find_recycling 1 | . . . . . . . . . . . . . . . . 1 . . . . . . . . . . . . . . ignore_parts 2 | . . . . . . . . . . . . . . . . . . . . . 1 . . . . . . . 1 . purge_threat 4 | . . . . . . . . . . . . . . . . . . . 3 . . . . . . . . . 1 . map_route 6 | . . . . . . . . . . . 1 . . . . . . . . . 2 . . . 1 . . . 1 1 ignore_targets 3 | . . . . . . . . . . . . . . 3 . . . . . . . . . . . . . . . . find_garrison 7 | . . . . . . . 1 . . . 1 . . . . . . . . . 1 . 2 . 2 . . . . . disrupt_area 2 | . . . . . . . . . . . . . . . . . . . . . . . . . 2 . . . . . spike_heat 1 | . . . . . . . . . . . . . . . . . . . . . . . . . . . . 1 . . overload_power 3 | . . . . . . . . . . . . . . . . . . . . . 2 . . . . . . . . 1 amplify_resonance 4 | . . . . . . . . . . . . . . . . . . . . 1 . . . 2 . . . . 1 . wipe_record 2 | . . . . . . . . . . . . . . . . . . . . . . . . . 1 . . . 1 . reboot_system 8 | . . . . . . . . . . 2 1 1 . . . . . . . . . . 1 . 2 . . 1 . . overwrite_iff 16 | . . . . . . . . . . 1 . 2 . . . . . . 1 . 3 . . 3 4 . . . 2 . streamctrl_high 2 | . . . . . . . . . . . 1 1 . . . . . . . . . . . . . . . . . . formatsys_low 7 | . . . . . . . . . . . 1 . . . 1 . . 1 . . 1 . . . 1 . . 2 . . formatsys_high 37 | . . . . . . . 1 2 3 3 2 3 . . . 1 . . 1 3 3 4 2 3 5 . . . . 1 Relay Couplers Released 94 | . . . . . . 5 3 3 3 11 4 10 . . . . . . 2 8 8 14 4 16 . . . 3 . . Ejected 13 | . . . . . . . 3 . 3 . . . . . . . . . . . . . 4 . . . . 3 . . Machine Destruction 73 | . . . . . . 5 . 3 . 11 4 10 . . . . . . 2 8 . 14 . 16 . . . . . . Programmers 8 | . . . . . . . . . . . . . . . . . . . . . 8 . . . . . . . . . Attached 42 | . . . . . . . 1 1 2 3 2 4 . 1 . 1 . . 2 3 5 4 2 3 4 1 . 1 1 1 Robots Rewired 28 | . . . . . . . . 6 . . . 7 . . . 8 . . . . . . . . . 7 . . . . Allies Hacked 3 | . . . . . . . . . . . . . . . . . . . . . 1 . . . 2 . . . . . Hacks Repelled . | . . . . . . . . . . . . . . . . . . . . . . . . . . . . . . . Allies | -11 -10 -10 -10 -9 -8 -8 -8 -8 -7 -7 -7 -7 -6 -6 -6 -6 -6 -6 -6 -6 -5 -5 -4 -4 -3 -3 -3 -2 -1 -1 -------- Run | Scr Mat Min Exi Min Mat Gar Mat Gar Fac Gar Fac Gar Fac Was Fac Ext Cet Arc Hub Gar Fac Gar Fac Gar Res Arm Lab Res Acc Com Total Allies 163 | . . 2 . 3 . . 2 8 3 4 5 14 . 20 1 14 5 1 3 3 9 7 19 7 15 11 . 4 2 1 Largest Group 25 | . . 1 1 4 3 . 2 7 7 2 3 10 10 25 24 24 17 8 6 2 2 4 17 6 5 6 1 2 1 1 Highest-Rated Group 830 | . . 31 31 71 40 . 25 47 48 32 69 252 252 830 780 780 737 620 443 58 61 168 633 228 260 288 60 116 58 44 Highest-Rated Ally 156 | . . 31 31 31 16 . 15 16 16 32 32 32 32 50 50 156 156 156 94 32 49 60 60 60 64 90 60 58 58 44 Total Orders 74 | . . . . . 2 . 1 2 . . 10 16 . . . 2 5 7 . 1 3 4 4 6 2 8 . . . 1 STAY 41 | . . . . . 1 . 1 1 . . 6 8 . . . 1 4 4 . 1 1 3 1 3 . 5 . . . 1 FOLLOW 26 | . . . . . 1 . . 1 . . 2 8 . . . 1 1 3 . . 1 1 1 3 . 3 . . . . AID 6 | . . . . . . . . . . . 1 . . . . . . . . . 1 . 2 . 2 . . . . . DROP 1 | . . . . . . . . . . . 1 . . . . . . . . . . . . . . . . . . . Ally Attacks 1193 | . . 12 . 17 25 . . 47 30 18 26 39 . 101 43 268 64 13 75 16 45 23 98 77 89 57 . 4 6 . Total Damage 28230 | . . 186 . 189 269 . . 653 238 227 584 1016 . 3216 853 5822 2115 508 2853 265 1214 456 1960 1526 3025 762 . 116 177 . Kills 175 | . . 1 . 2 4 . . 9 2 1 5 11 . 7 6 46 12 1 16 2 10 2 11 10 16 . . 1 . . Allies Corrupted 9 | . . . . . . . . . . . . . . . . . . . 1 . . . 2 . 3 . . 1 1 1 Allies Melted 3 | . . . . . . . . . . . 1 1 . . . . . . . . . . . . . . . . . 1 Intel | -11 -10 -10 -10 -9 -8 -8 -8 -8 -7 -7 -7 -7 -6 -6 -6 -6 -6 -6 -6 -6 -5 -5 -4 -4 -3 -3 -3 -2 -1 -1 ------- Run | Scr Mat Min Exi Min Mat Gar Mat Gar Fac Gar Fac Gar Fac Was Fac Ext Cet Arc Hub Gar Fac Gar Fac Gar Res Arm Lab Res Acc Com Robot Analysis Total 2 | . . . . . . . 1 . . . 1 . . . . . . . . . . . . . . . . . . . Derelict Logs Recovered 1 | . . 1 . . . . . . . . . . . . . . . . . . . . . . . . . . . . Drone Launches . | . . . . . . . . . . . . . . . . . . . . . . . . . . . . . . . Drone Recoveries . | . . . . . . . . . . . . . . . . . . . . . . . . . . . . . . . Exploration | -11 -10 -10 -10 -9 -8 -8 -8 -8 -7 -7 -7 -7 -6 -6 -6 -6 -6 -6 -6 -6 -5 -5 -4 -4 -3 -3 -3 -2 -1 -1 ------------- Run | Scr Mat Min Exi Min Mat Gar Mat Gar Fac Gar Fac Gar Fac Was Fac Ext Cet Arc Hub Gar Fac Gar Fac Gar Res Arm Lab Res Acc Com Turns Passed 51058 | 128 1639 930 599 159 2452 1486 662 922 2293 2539 2267 3430 157 885 974 1344 505 1807 1558 1230 2343 3724 1234 2857 1979 3277 423 1956 1924 3375 Spaces Moved 20842 | 59 813 463 331 77 909 463 334 371 977 934 1279 1232 67 414 499 608 236 295 597 575 922 884 591 1342 866 1448 190 802 838 1426 Core 42 | 2 3 . . . . . . . . . . . . . . . . 37 . . . . . . . . . . . . Treads 12896 | 57 252 463 331 77 741 463 55 334 407 931 . 1232 67 414 499 608 236 258 597 575 833 227 45 1196 98 232 . 179 80 1409 Legs 578 | . 119 . . . . . . . . . . . . . . . . . . . . . . . . . . . 442 17 Wheels 7326 | . 439 . . . 168 . 279 37 570 3 1279 . . . . . . . . . 89 657 546 146 768 1216 190 623 316 . Hover . | . . . . . . . . . . . . . . . . . . . . . . . . . . . . . . . Flight . | . . . . . . . . . . . . . . . . . . . . . . . . . . . . . . . Fastest Speed 50 | 50 120 180 180 180 170 185 140 140 140 140 140 225 225 185 185 180 180 180 180 180 160 150 160 160 160 140 140 140 140 140 Average Speed 182 | 156 151 180 180 180 187 192 154 209 181 229 144 225 225 190 185 180 180 533 180 180 178 170 166 191 164 156 145 166 151 165 Slowest Speed 3000 | 160 450 180 180 180 245 217 217 217 290 230 150 225 225 225 185 185 180 3000 180 180 180 230 240 195 230 185 150 220 205 185 Overloaded Moves . | . . . . . . . . . . . . . . . . . . . . . . . . . . . . . . . Propulsion Burnouts . | . . . . . . . . . . . . . . . . . . . . . . . . . . . . . . . Robots Hopped . | . . . . . . . . . . . . . . . . . . . . . . . . . . . . . . . Cave-ins Triggered . | . . . . . . . . . . . . . . . . . . . . . . . . . . . . . . . Exploration Rate (%) 51 | 4 98 81 70 19 71 46 35 45 22 65 25 57 2 96 13 71 66 84 60 62 23 90 18 89 26 73 99 21 23 34 Regions Visited 30 Branch Regions 10 Pre-discovered Areas 5 | . 1 1 1 . . . . . . . . . . . . 1 . . . . . . 1 . . . . . . . Known Exits Taken 9 | . . . . . 1 . 1 . 1 . 1 . . . . . . . 1 . 1 . 1 . 1 . 1 . . . Unknown Exits Taken 12 | 1 1 1 1 1 . . . . . . . . . . 1 1 1 1 . . . . . . . 1 . 1 1 . Scrap Searched 3 | . . 2 . 1 . . . . . . . . . . . . . . . . . . . . . . . . . . Spaces Dug 158 | . . 12 . 11 . . . . 3 5 10 . . . . 1 . . 8 3 16 3 8 . 19 28 1 10 6 14 Terrain Destroyed 1053 | . 2 35 . 11 . 15 . . 20 5 10 . . . 17 1 11 58 396 11 70 20 50 10 19 39 7 46 90 110 Melee 17 | . . . . . . . . . 2 . 8 . . . . . . . . . 1 . . . 4 . . . . 2 Projectile 502 | . . . . . . . . . 6 . 2 . . . . 1 6 58 99 5 69 10 50 10 2 38 7 46 53 40 AOE 534 | . 2 35 . 11 . 15 . . 12 5 . . . . 17 . 5 . 297 6 . 10 . . 13 1 . . 37 68 Terrain Rammed . | . . . . . . . . . . . . . . . . . . . . . . . . . . . . . . . Walls Destroyed . | . . . . . . . . . . . . . . . . . . . . . . . . . . . . . . . Machines Disabled . | . . . . . . . . . . . . . . . . . . . . . . . . . . . . . . . Actions | -11 -10 -10 -10 -9 -8 -8 -8 -8 -7 -7 -7 -7 -6 -6 -6 -6 -6 -6 -6 -6 -5 -5 -4 -4 -3 -3 -3 -2 -1 -1 --------- Run | Scr Mat Min Exi Min Mat Gar Mat Gar Fac Gar Fac Gar Fac Was Fac Ext Cet Arc Hub Gar Fac Gar Fac Gar Res Arm Lab Res Acc Com Total 30414 | 77 1048 516 336 88 1315 961 450 477 1319 1175 1576 1809 74 488 541 811 293 454 844 687 1437 2961 767 1537 1222 2206 288 1250 1274 2133 Wait 5035 | . 60 1 . . 75 398 47 46 163 66 116 399 1 31 22 48 3 115 78 23 289 1886 93 90 164 341 11 210 108 151 Move 20813 | 58 812 462 330 76 909 462 333 370 976 932 1279 1231 67 413 498 607 235 294 596 573 921 883 590 1341 865 1447 189 801 837 1426 Hop . | . . . . . . . . . . . . . . . . . . . . . . . . . . . . . . . Pick Up 422 | 3 30 4 2 2 46 11 11 2 15 15 24 12 2 6 3 5 7 3 10 7 24 7 6 11 7 33 15 20 27 52 Fast Attach 203 | 7 10 1 . . 13 2 4 . 11 1 5 2 . 4 . 2 8 1 4 2 10 12 3 3 10 20 6 7 16 39 Attach 218 | . 5 . 2 2 11 6 2 1 9 9 3 7 2 . . . 2 1 7 3 8 3 3 7 4 9 6 22 22 62 Detach 41 | . . . . . 1 . . . 1 . . . . . . . 1 . . . . . . 1 3 3 2 4 9 16 Swap 548 | . 6 8 . 1 16 4 13 8 25 27 36 25 2 4 5 5 6 3 19 9 47 20 22 8 36 59 10 34 49 41 Drop 511 | . 20 9 2 1 52 12 17 3 20 15 32 11 . 14 3 7 15 3 11 7 26 14 6 10 14 50 20 17 26 74 Fire 2133 | 9 105 31 . 6 187 62 20 19 96 79 55 58 . 11 10 19 16 34 117 51 111 79 44 59 110 165 20 133 176 251 Melee 105 | . . . . . . . 3 15 3 12 26 . . 5 . 2 . . . . 1 1 . . 9 . 9 . . 19 Ram . | . . . . . . . . . . . . . . . . . . . . . . . . . . . . . . . Kick 2 | . . . . . . . . . . . . . . . . . . . . . . . . . . . . . 2 . Crush 12 | . . . . . 5 . . . . 1 . . . . . . . . . . . . . . . . . 2 2 2 Escape Stasis 117 | . . . . . . 4 . 4 . 16 . 17 . . . . . . 2 12 . 56 . 6 . . . . . . Rewire 245 | . . . . . . . . . . 2 . 47 . . . 116 . . . . . . . 1 . 79 . . . . Trap 9 | . . . . . . . . 9 . . . . . . . . . . . . . . . . . . . . . . Miscellaneous . | . . . . . . . . . . . . . . . . . . . . . . . . . . . . . . . Route ------- -11/Scrapyard -10/Materials (discovered 5 exits: [*Mat x3] / *Min x2) -10/Mines (discovered 3 exits: [*Mat x2] / *Exi) -10/Exiles -9/Mines -8/Materials (discovered 6 exits: *Fac x3 / *Sto x2 / Gar) -8/Garrison -8/Materials (discovered 3 exits: *Fac / *Sto / Gar) -8/Garrison (discovered 2 exits: *Fac x2) -7/Factory (discovered 2 exits: [*Fac] / Gar) -7/Garrison (discovered 2 exits: *Fac x2) -7/Factory (discovered 2 exits: [*Fac] / Gar) -7/Garrison -6/Factory -6/Waste -6/Factory -6/Extension (discovered 2 exits: *Fac / *Cet) -6/Cetus (discovered 2 exits: *Fac / *Arc) -6/Archives (discovered 3 exits: *Fac / *Hub x2) -6/Hub_04(d) (discovered 4 exits: *Fac x3 / Gar) -6/Garrison (discovered 2 exits: *Fac x2) -5/Factory (discovered 2 exits: *Fac / Gar) -5/Garrison (discovered 3 exits: *Fac x3) -4/Factory (discovered 3 exits: *Res / [Upp] / Gar) -4/Garrison (discovered 3 exits: *Res x3) -3/Research (discovered 3 exits: *Res / *Arm / *Qua) -3/Armory (discovered 3 exits: *Res x2 / *Lab) -3/Lab -2/Research (discovered 3 exits: *Acc / *Tes x2) -1/Access -1/Command (discovered 2 exits: Sur x2) History --------- Turn | Location | Event 2 | -11/Scrapyard | Met Revision 17 13 | -11/Scrapyard | Discovered new exit (range 15) 129 | -11/Scrapyard | Entered Materials 129 | -10/Materials | Discovered new exit (range 7) 301 | -10/Materials | Build established: Mutant 368 | -10/Materials | Discovered new exit (range 6) 710 | -10/Materials | Discovered new exit (range 16) 927 | -10/Materials | Build established: Hauler-Mutant 982 | -10/Materials | Discovered new exit (range 16) 1330 | -10/Materials | Discovered new exit (range 15) 1357 | -10/Materials | Central database locked down 1768 | -10/Materials | Entered Mines 1775 | -10/Mines | Escorted by a lone wolf Derelict 1795 | -10/Mines | Learned location of Storage (-8) 1812 | -10/Mines | Joined a pair of Derelicts in attacking an 0b10 outpost 2206 | -10/Mines | Core integrity fell below 50% 2398 | -10/Mines | Discovered new exit (range 5) 2507 | -10/Mines | Met a Derelict who couldn't figure out how to use a Trap Extractor 2580 | -10/Mines | Discovered new exit (range 4) 2600 | -10/Mines | Learned Materials terminal intel 2648 | -10/Mines | Met a Derelict testing a Signal Generator 2690 | -10/Mines | Deemed a non-threat by the Exiles lab entrance 2690 | -10/Mines | Discovered new exit (range 5) 2698 | -10/Mines | Entered Exiles 2698 | -10/Exiles | Accompanied by 1 ally 2755 | -10/Exiles | Met 8R-AWN 2780 | -10/Exiles | Met EX-HEX 2863 | -10/Exiles | Met EX-DEC 2900 | -10/Exiles | Learned location of Zion (-7) 3037 | -10/Exiles | Met EX-BIN 3068 | -10/Exiles | Aligned with FarCom system 3070 | -10/Exiles | Given EX-Vault access code 3111 | -10/Exiles | Opened EX-Vault 3125 | -10/Exiles | Found Modified TNC 3168 | -10/Exiles | Warned to stay clear of 0b10 Research branches 3278 | -10/Exiles | Discovered new exit (range 12) 3297 | -10/Exiles | Left Exiles lab with Modified TNC 3297 | -10/Exiles | Entered Mines 3297 | -9/Mines | Accompanied by 1 ally 3334 | -9/Mines | Assisted by bots powering up and referring to "LRC-V3" 3377 | -9/Mines | Discovered new exit (range 11) 3456 | -9/Mines | Entered Materials 3456 | -8/Materials | Accompanied by 3 allies 3456 | -8/Materials | Evolved 4 slots: Utility x3, Weapon x1 3457 | -8/Materials | Loaded intel: 10 terminal locations 3746 | -8/Materials | Build established: Hauler-Skirmisher 4072 | -8/Materials | Discovered new exit (range 7) 4529 | -8/Materials | Discovered new exit (range 13) 4669 | -8/Materials | Identified exit to Storage 4909 | -8/Materials | Discovered new exit (range 9) 5279 | -8/Materials | Core integrity fell below 50% 5456 | -8/Materials | First assault squad dispatched 5721 | -8/Materials | Discovered new exit (range 8) 5908 | -8/Materials | Identified exit to Garrison 5908 | -8/Materials | Entered Garrison 5918 | -8/Garrison | Installed Relay Interface Framework 6124 | -8/Garrison | Triggered checkpoint 6489 | -8/Garrison | Spotted B-75 Beast 6526 | -8/Garrison | Destroyed B-75 Beast 6728 | -8/Garrison | Found Launcher Loader 6813 | -8/Garrison | Triggered checkpoint 6866 | -8/Garrison | Triggered checkpoint 7144 | -8/Garrison | Discovered new exit (range 8) 7208 | -8/Garrison | Triggered checkpoint 7279 | -8/Garrison | Garrison Relay disabled 7394 | -8/Garrison | Entered Materials 7619 | -8/Materials | Discovered new exit (range 4) 7689 | -8/Materials | Core integrity fell below 20% 7986 | -8/Materials | Discovered exit to Storage (range 8) 8052 | -8/Materials | Identified exit to Garrison 8056 | -8/Materials | Entered Garrison 8056 | -8/Garrison | Accompanied by 1 ally 8084 | -8/Garrison | Triggered checkpoint 8131 | -8/Garrison | Garrison Relay disabled 8270 | -8/Garrison | Triggered checkpoint 8286 | -8/Garrison | Triggered checkpoint 8296 | -8/Garrison | Triggered checkpoint 8320 | -8/Garrison | Triggered checkpoint 8434 | -8/Garrison | Discovered new exit (range 10) 8467 | -8/Garrison | Expanded RIF knowledge: Threat Obfuscation 8954 | -8/Garrison | Discovered new exit (range 8) 8978 | -8/Garrison | Entered Factory 8978 | -7/Factory | Accompanied by 7 allies 8978 | -7/Factory | Evolved 2 slots: Utility x2 9236 | -7/Factory | Discovered new exit (range 14) 9557 | -7/Factory | P-60 Hacker assimilated allied Pest 3d 9562 | -7/Factory | P-60 Hacker assimilated allied Pest 3b 10042 | -7/Factory | Garrison activated, responded to threat 10769 | -7/Factory | Garrison activated, responded to threat 11134 | -7/Factory | Garrison activated, responded to threat 11250 | -7/Factory | Identified exit to Garrison 11271 | -7/Factory | Entered Garrison 11522 | -7/Garrison | Triggered checkpoint 11574 | -7/Garrison | Garrison Relay disabled 11697 | -7/Garrison | Triggered checkpoint 11732 | -7/Garrison | Triggered checkpoint 11733 | -7/Garrison | Triggered checkpoint 11837 | -7/Garrison | Lost 3 parts (1n1u1w) 11852 | -7/Garrison | Triggered checkpoint 12061 | -7/Garrison | Discovered new exit (range 15) 12238 | -7/Garrison | Discovered new exit (range 9) 12273 | -7/Garrison | Expanded RIF knowledge: Autooverride 12455 | -7/Garrison | Triggered checkpoint 12530 | -7/Garrison | Garrison Relay disabled 12844 | -7/Garrison | Build established: Bothacker-Skirmisher 12942 | -7/Garrison | Triggered checkpoint 12987 | -7/Garrison | Garrison Relay disabled 13437 | -7/Garrison | Build established: Bothacker-Mutant 13810 | -7/Garrison | Entered Factory 13810 | -7/Factory | Accompanied by 1 ally 14870 | -7/Factory | Fabricated M-28 Smith (x1) 15032 | -7/Factory | Build established: Bothacker-Skirmisher 15411 | -7/Factory | Build established: Bothacker-Mutant 15680 | -7/Factory | Discovered new exit (range 4) 15915 | -7/Factory | P-60 Hacker assimilated allied Guardian 4b 15924 | -7/Factory | Garrison activated, responded to threat 15930 | -7/Factory | Core integrity fell below 50% 16077 | -7/Factory | Identified exit to Garrison 16077 | -7/Factory | Entered Garrison 16272 | -7/Garrison | Triggered checkpoint 16365 | -7/Garrison | Garrison Relay disabled 16590 | -7/Garrison | Triggered checkpoint 16655 | -7/Garrison | Triggered checkpoint 16719 | -7/Garrison | Triggered checkpoint 16967 | -7/Garrison | Build established: Bothacker-Tank 17516 | -7/Garrison | Build established: Bothacker-Skirmisher 17862 | -7/Garrison | Discovered new exit (range 15) 17911 | -7/Garrison | Expanded RIF knowledge: Zone Cloak 18214 | -7/Garrison | Build established: Botlord-Tank 18280 | -7/Garrison | Triggered checkpoint 18318 | -7/Garrison | Garrison Relay disabled 19316 | -7/Garrison | Build established: Botlord-Mutant 19507 | -7/Garrison | Entered Factory 19507 | -6/Factory | Accompanied by 10 allies 19507 | -6/Factory | Evolved 2 slots: Propulsion x1, Utility x1 19664 | -6/Factory | Sucked down chute 19664 | -6/Factory | Entered Waste 19664 | -6/Waste | Met up with 1 ally sucked down the chute earlier 19665 | -6/Waste | Met a frightened Derelict 19706 | -6/Waste | Spotted C-40 Crusher 19777 | -6/Waste | Spotted C-40 Crusher 19789 | -6/Waste | Allies destroyed C-40 Crusher 19797 | -6/Waste | Allies destroyed C-40 Crusher 19838 | -6/Waste | Spotted C-40 Crusher 19876 | -6/Waste | Spotted C-40 Crusher 19878 | -6/Waste | Allies destroyed C-40 Crusher 19883 | -6/Waste | Allies destroyed C-40 Crusher 19894 | -6/Waste | Found Damper Plating 19905 | -6/Waste | 9 allies followed down the chute 19910 | -6/Waste | Allies destroyed C-40 Crusher 19919 | -6/Waste | Spotted C-40 Crusher 19929 | -6/Waste | Allies destroyed C-40 Crusher 20123 | -6/Waste | Warlord forces began an assault 20386 | -6/Waste | Discovered new exit (range 15) 20444 | -6/Waste | Build established: Botlord-Assassin 20464 | -6/Waste | Found Gamma Bomb Array 20549 | -6/Waste | Entered Factory 20549 | -6/Factory | Accompanied by 24 allies 20882 | -6/Factory | Fabricated Imp. Utility Shielding? 21068 | -6/Factory | Build established: Botlord-Mutant 21477 | -6/Factory | Discovered new exit (range 12) 21523 | -6/Factory | Entered Extension 21523 | -6/Extension | Accompanied by 24 allies 21644 | -6/Extension | Found Powered Armor 21648 | -6/Extension | Found Powered Armor 21654 | -6/Extension | Found Powered Armor 21712 | -6/Extension | Spotted B-75 Beast 21715 | -6/Extension | Allies destroyed B-75 Beast 21721 | -6/Extension | Spotted B-75 Beast 21727 | -6/Extension | Allies destroyed B-75 Beast 21959 | -6/Extension | Rescued a captive Derelict 21961 | -6/Extension | Rescued a captive Derelict 21995 | -6/Extension | Rescued a captive Derelict 21996 | -6/Extension | Rescued a captive Derelict 22089 | -6/Extension | Build established: Botlord-Skirmisher 22598 | -6/Extension | Disrupted transfer network 22599 | -6/Extension | Rescued A7 22785 | -6/Extension | Discovered new exit (range 15) 22786 | -6/Extension | Discovered new exit (range 15) 22867 | -6/Extension | Disrupted transfer network 22867 | -6/Extension | Entered Cetus 22867 | -6/Cetus | Accompanied by 17 allies (A7) 22872 | -6/Cetus | Acquired a Cetus Manufacturing Module code from A7 22893 | -6/Cetus | Spotted Cetus Guard 22893 | -6/Cetus | Spotted Cetus Guard 22896 | -6/Cetus | Spotted Cetus Guard 22897 | -6/Cetus | Spotted Cetus Guard 22908 | -6/Cetus | Allies destroyed Cetus Guard 22909 | -6/Cetus | Allies destroyed Cetus Guard 22919 | -6/Cetus | Destroyed Cetus Guard 22928 | -6/Cetus | Allies destroyed Cetus Guard 23007 | -6/Cetus | Started Cetus Manufacturing Module 23032 | -6/Cetus | Manufactured an Enhanced Grunt 23057 | -6/Cetus | Manufactured an Enhanced Grunt 23082 | -6/Cetus | Manufactured an Enhanced Grunt 23107 | -6/Cetus | Manufactured an Enhanced Grunt 23132 | -6/Cetus | Manufactured an Enhanced Grunt 23149 | -6/Cetus | Escorted A7 to Cetus Mainframe 23180 | -6/Cetus | Discovered new exit (range 16) 23228 | -6/Cetus | Spotted Cetus Guard 23228 | -6/Cetus | Spotted Cetus Guard 23232 | -6/Cetus | Spotted Cetus Guard 23234 | -6/Cetus | Destroyed Cetus Guard 23235 | -6/Cetus | Destroyed Cetus Guard 23235 | -6/Cetus | Spotted Cetus Guard 23239 | -6/Cetus | Destroyed Cetus Guard 23241 | -6/Cetus | Allies destroyed Cetus Guard 23250 | -6/Cetus | Discovered new exit (range 15) 23261 | -6/Cetus | Met Revision 17 23264 | -6/Cetus | Destroyed Revision 17 23372 | -6/Cetus | Entered Archives 23372 | -6/Archives | Accompanied by 8 allies (A7) 23377 | -6/Archives | Received a hacking code to weaken MAIN.C 23475 | -6/Archives | Discovered new exit (range 15) 23683 | -6/Archives | Build established: Bothacker-Gunner 24736 | -6/Archives | Discovered new exit (range 15) 24842 | -6/Archives | Discovered new exit (range 15) 25097 | -6/Archives | Unable to access archive contents 25179 | -6/Archives | Entered Hub_04(d) 25179 | -6/Hub_04(d) | Accompanied by 6 allies 25188 | -6/Hub_04(d) | Discovered new exit (range 13) 25233 | -6/Hub_04(d) | Discovered new exit (range 20) 25602 | -6/Hub_04(d) | Discovered new exit (range 13) 25802 | -6/Hub_04(d) | Network Hub disabled 25820 | -6/Hub_04(d) | Spotted Lightning 25826 | -6/Hub_04(d) | Spotted Lightning 25826 | -6/Hub_04(d) | Spotted Lightning 25838 | -6/Hub_04(d) | Garrison activated, responded to threat 25860 | -6/Hub_04(d) | Destroyed Lightning 25877 | -6/Hub_04(d) | Destroyed Lightning 25884 | -6/Hub_04(d) | Spotted B-75 Beast 25912 | -6/Hub_04(d) | Destroyed Lightning 25923 | -6/Hub_04(d) | Destroyed B-75 Beast 25975 | -6/Hub_04(d) | Found EMDS 25980 | -6/Hub_04(d) | Found Exp. Targeting Computer 26177 | -6/Hub_04(d) | Found EM Dispersion Field 26238 | -6/Hub_04(d) | Spotted Lightning 26264 | -6/Hub_04(d) | Spotted Lightning 26275 | -6/Hub_04(d) | Spotted Lightning 26286 | -6/Hub_04(d) | Destroyed Lightning 26313 | -6/Hub_04(d) | Destroyed Lightning 26322 | -6/Hub_04(d) | Destroyed Lightning 26345 | -6/Hub_04(d) | Found EMDS 26362 | -6/Hub_04(d) | Found EM Dispersion Field 26462 | -6/Hub_04(d) | Network Hub disabled 26519 | -6/Hub_04(d) | Build established: Scavenger-Mutant 26592 | -6/Hub_04(d) | Network Hub disabled 26599 | -6/Hub_04(d) | Network Hub disabled 26604 | -6/Hub_04(d) | Disrupted transfer network 26731 | -6/Hub_04(d) | Identified exit to Garrison 26737 | -6/Hub_04(d) | Entered Garrison 26746 | -6/Garrison | Expanded RIF knowledge: Robot Detection 26838 | -6/Garrison | Triggered checkpoint 26908 | -6/Garrison | Triggered checkpoint 27071 | -6/Garrison | Garrison Relay disabled 27293 | -6/Garrison | Discovered new exit (range 15) 27304 | -6/Garrison | Triggered checkpoint 27331 | -6/Garrison | Garrison Relay disabled 27398 | -6/Garrison | Build established: Botlord-Mutant 27447 | -6/Garrison | Triggered checkpoint 27471 | -6/Garrison | Triggered checkpoint 27495 | -6/Garrison | Destroyed 8 combat bots 27511 | -6/Garrison | Discovered new exit (range 10) 27967 | -6/Garrison | Entered Factory 27967 | -5/Factory | Accompanied by 1 ally 27967 | -5/Factory | Evolved 2 slots: Power x1, Propulsion x1 28236 | -5/Factory | Repaired Centrium Heavy Treads? 28314 | -5/Factory | Repaired Imp. KE Penetrator 28731 | -5/Factory | Discovered new exit (range 10) 29212 | -5/Factory | Build established: Bothacker-Mutant 29425 | -5/Factory | Repaired Centrium Heavy Treads 29539 | -5/Factory | Build established: Bothacker-Skirmisher 30051 | -5/Factory | Garrison activated, responded to threat 30305 | -5/Factory | Identified exit to Garrison 30310 | -5/Factory | Entered Garrison 30338 | -5/Garrison | Triggered checkpoint 30386 | -5/Garrison | Garrison Relay disabled 30701 | -5/Garrison | Build established: Bothacker-Mutant 32497 | -5/Garrison | Triggered checkpoint 32568 | -5/Garrison | Triggered checkpoint 32568 | -5/Garrison | Triggered checkpoint 32628 | -5/Garrison | Destroyed 9 combat bots 32731 | -5/Garrison | Build established: Bothacker-Skirmisher 32801 | -5/Garrison | Discovered new exit (range 9) 32942 | -5/Garrison | Discovered new exit (range 9) 33084 | -5/Garrison | Triggered checkpoint 33123 | -5/Garrison | Garrison Relay disabled 33270 | -5/Garrison | Discovered new exit (range 11) 33300 | -5/Garrison | Expanded RIF knowledge: Autoassimilate 33406 | -5/Garrison | Triggered checkpoint 33457 | -5/Garrison | Garrison Relay disabled 33707 | -5/Garrison | Triggered checkpoint 33731 | -5/Garrison | Garrison Relay disabled 34034 | -5/Garrison | Entered Factory 34034 | -4/Factory | Accompanied by 3 allies 34034 | -4/Factory | Evolved 2 slots: Utility x2 34157 | -4/Factory | Build established: Botlord-Mutant 34500 | -4/Factory | Fabricated M-28 Smith (x1) 34912 | -4/Factory | Discovered new exit (range 24) 35069 | -4/Factory | Discovered new exit (range 17) 35263 | -4/Factory | Identified exit to Garrison 35268 | -4/Factory | Entered Garrison 35268 | -4/Garrison | Accompanied by 5 allies 35295 | -4/Garrison | Triggered checkpoint 35339 | -4/Garrison | Garrison Relay disabled 35544 | -4/Garrison | Triggered checkpoint 35563 | -4/Garrison | Spotted B-86 Titan 35715 | -4/Garrison | Destroyed B-86 Titan 35850 | -4/Garrison | Triggered checkpoint 35929 | -4/Garrison | Triggered checkpoint 36073 | -4/Garrison | Discovered new exit (range 8) 36157 | -4/Garrison | Build established: Bothacker-Gunner 36220 | -4/Garrison | Discovered new exit (range 22) 36226 | -4/Garrison | Triggered checkpoint 36258 | -4/Garrison | Garrison Relay disabled 36543 | -4/Garrison | Triggered checkpoint 36594 | -4/Garrison | Discovered new exit (range 22) 36679 | -4/Garrison | Expanded RIF knowledge: Coupler Efficiency 36760 | -4/Garrison | Triggered checkpoint 36766 | -4/Garrison | Garrison Relay disabled 36851 | -4/Garrison | Build established: Botlord-Gunner 37515 | -4/Garrison | Build established: Botlord-Skirmisher 37784 | -4/Garrison | Garrison Relay disabled 38069 | -4/Garrison | Build established: Botlord-Mutant 38125 | -4/Garrison | Entered Research 38125 | -3/Research | Accompanied by 3 allies 38125 | -3/Research | Evolved 2 slots: Utility x2 38885 | -3/Research | Build established: Botlord-Skirmisher 39047 | -3/Research | P-80 Master assimilated allied Warden 8b 39125 | -3/Research | First assault squad dispatched 39175 | -3/Research | Discovered new exit (range 9) 39407 | -3/Research | Identified exit to Research 39423 | -3/Research | Discovered new exit (range 14) 39737 | -3/Research | Discovered new exit (range 24) 39827 | -3/Research | Identified exit to Quarantine 40029 | -3/Research | Identified exit to Armory 40104 | -3/Research | Entered Armory 40825 | -3/Armory | Found Unknown Launcher 40825 | -3/Armory | Identified Fusion Bomb Launcher 41229 | -3/Armory | Discovered exit to Research (range 9) 41671 | -3/Armory | Fabricated Exp. Weapon Shielding? 41767 | -3/Armory | Fabricated Exp. Weapon Shielding? 41835 | -3/Armory | Fabricated P-80 Master (x2) 41944 | -3/Armory | Build established: Bothacker-Skirmisher 42037 | -3/Armory | Fabricated P-80 Master? 42309 | -3/Armory | Spotted B-86 Titan 42333 | -3/Armory | Build established: Bothacker-Mutant 42571 | -3/Armory | Discovered exit to Research (range 9) 43049 | -3/Armory | Discovered new exit (range 24) 43123 | -3/Armory | Local fabrication network quarantined 43163 | -3/Armory | Found Imp. Powered Armor 43166 | -3/Armory | Found Imp. Powered Armor 43169 | -3/Armory | Found Imp. Powered Armor 43381 | -3/Armory | Entered Lab 43381 | -3/Lab | Accompanied by 1 ally 43381 | -3/Lab | Discovered exit to Research (range 9) 43399 | -3/Lab | Unable to decrypt terminal 43411 | -3/Lab | Detected for breach 43417 | -3/Lab | Confronted by A5 43499 | -3/Lab | Destroyed A5 43542 | -3/Lab | Found Exp. Hacking Suite 43546 | -3/Lab | Gained access to the hidden lab's interior 43576 | -3/Lab | Found Prototype Special Weapon 43576 | -3/Lab | Identified Gui. Remote Datajack 43596 | -3/Lab | Unable to decrypt terminal 43613 | -3/Lab | Found Prototype Energy Cannon 43613 | -3/Lab | Identified Potential Cannon 43618 | -3/Lab | Found Prototype Energy Cannon 43618 | -3/Lab | Identified Warp Cannon 43623 | -3/Lab | Found Prototype Protection 43623 | -3/Lab | Identified Exp. Powered Armor 43633 | -3/Lab | Found Prototype Hackware 43690 | -3/Lab | Found Alien Artifact 43690 | -3/Lab | Identified Core Regenerator 43690 | -3/Lab | Used Core Regenerator, restored core integrity (+187) 43709 | -3/Lab | Found Alien Artifact 43715 | -3/Lab | Found Alien Artifact 43745 | -3/Lab | Found Alien Artifact 43804 | -3/Lab | Entered Research 43804 | -2/Research | Evolved 2 slots: Utility x2 43837 | -2/Research | Identified Transdimensional Reconstructor 43837 | -2/Research | Identified Integrated Reactor 43837 | -2/Research | Identified Core Reset Matrix 43837 | -2/Research | Identified Deep Network Scanner 43949 | -2/Research | Discovered new exit (range 19) 44238 | -2/Research | Identified exit to Testing 44455 | -2/Research | Intercept squad dispatched 44480 | -2/Research | Spotted Tracker 44486 | -2/Research | Spotted Tracker 44496 | -2/Research | Spotted Combat Programmer 44497 | -2/Research | Destroyed Tracker 44507 | -2/Research | Destroyed Tracker 44536 | -2/Research | Destroyed Combat Programmer 44565 | -2/Research | Spotted Combat Programmer 44571 | -2/Research | Destroyed Combat Programmer 44584 | -2/Research | Installed Integrated Reactor, increased core energy generation (+10) 44914 | -2/Research | Fabricated Exp. Weapon Shielding (x1) 45126 | -2/Research | Discovered new exit (range 24) 45223 | -2/Research | Intercept squad dispatched 45229 | -2/Research | Spotted Tracker 45229 | -2/Research | Spotted Tracker 45229 | -2/Research | Spotted Tracker 45251 | -2/Research | Spotted Combat Programmer 45257 | -2/Research | Destroyed Tracker 45259 | -2/Research | Found Immobilizer 45260 | -2/Research | System corruption reached 10% 45261 | -2/Research | Destroyed Tracker 45281 | -2/Research | Destroyed Combat Programmer 45292 | -2/Research | Spotted Combat Programmer 45304 | -2/Research | Lost 6 parts (2p2u2w) 45316 | -2/Research | Destroyed Combat Programmer 45342 | -2/Research | Spotted Combat Programmer 45346 | -2/Research | Destroyed Combat Programmer 45511 | -2/Research | Found Exp. Targeting Computer 45760 | -2/Research | Entered Access 45760 | -1/Access | Evolved 2 slots: Power x1, Weapon x1 45973 | -1/Access | Build established: Botlord-Mutant 46447 | -1/Access | Intercept squad dispatched 46493 | -1/Access | Spotted Tracker 46494 | -1/Access | Spotted Tracker 46516 | -1/Access | Destroyed Tracker 46531 | -1/Access | Lost 4 parts (1n2u1w) 46535 | -1/Access | Destroyed Tracker 46554 | -1/Access | Spotted Combat Programmer 46554 | -1/Access | Spotted Combat Programmer 46569 | -1/Access | Destroyed Combat Programmer 46579 | -1/Access | Destroyed Combat Programmer 46807 | -1/Access | Build established: Botlord-Skirmisher 47181 | -1/Access | Intercept squad dispatched 47214 | -1/Access | Spotted Tracker 47214 | -1/Access | Spotted Tracker 47215 | -1/Access | Spotted Tracker 47221 | -1/Access | Destroyed Tracker 47225 | -1/Access | Destroyed Tracker 47230 | -1/Access | Destroyed Tracker 47234 | -1/Access | Found Exp. Phase Shifter 47236 | -1/Access | Found Exp. Phase Shifter 47292 | -1/Access | Spotted Combat Programmer 47293 | -1/Access | System corruption reached 10% 47313 | -1/Access | Destroyed Combat Programmer 47314 | -1/Access | Spotted Combat Programmer 47318 | -1/Access | Spotted Combat Programmer 47328 | -1/Access | Destroyed Combat Programmer 47343 | -1/Access | Destroyed Combat Programmer 47442 | -1/Access | Found Unknown Device 47461 | -1/Access | Discovered new exit (range 19) 47462 | -1/Access | Build established: Bothacker-Skirmisher 47684 | -1/Access | Entered Command 47717 | -1/Command | Found Unknown Device 47717 | -1/Command | Identified Antimissile System 47721 | -1/Command | Found Antimissile System 47723 | -1/Command | Identified Quantum Capacitor 47831 | -1/Command | Build established: Bothacker-Mutant 48553 | -1/Command | Destroyed 7 combat bots 48721 | -1/Command | Build established: Bothacker-Gunner 49300 | -1/Command | Spotted M Guard 49300 | -1/Command | Spotted M Guard 49313 | -1/Command | Spotted Combat Programmer 49370 | -1/Command | Spotted Combat Programmer 49382 | -1/Command | Destroyed Combat Programmer 49393 | -1/Command | Destroyed Combat Programmer 49405 | -1/Command | Destroyed M Guard 49438 | -1/Command | All MAIN.C guards destroyed 49449 | -1/Command | Lost 5 parts (2p1u2w) 49451 | -1/Command | Found Prototype Protection 49459 | -1/Command | Found Prototype Reactor 49494 | -1/Command | Identified Zero-point Reactor 49502 | -1/Command | Found Zero-point Reactor 49526 | -1/Command | Identified Hvy. Regenerative Plating 49628 | -1/Command | Lost 3 parts (2u1w) 49823 | -1/Command | Found Unknown Launcher 49823 | -1/Command | Identified Gamma Bomb Array 49826 | -1/Command | Found Gamma Bomb Array 50261 | -1/Command | Met MAIN.C 50262 | -1/Command | 0b10 Conduit disabled 50272 | -1/Command | Destroyed MAIN.C Shell 50273 | -1/Command | Surrendered to MAIN.C 50273 | -1/Command | Loaded intel: 61 machine locations 50273 | -1/Command | Loaded intel: 105 trap records 50273 | -1/Command | Identified exit to Surface 50273 | -1/Command | Discovered exit to Surface (range 44) 50273 | -1/Command | Discovered exit to Surface (range 79) 50396 | -1/Command | Found Prototype Reactor 50396 | -1/Command | Identified Singularity Reactor 50404 | -1/Command | Found Zero-point Reactor 50406 | -1/Command | Found Zero-point Reactor 50454 | -1/Command | Found Prototype Device 50455 | -1/Command | Identified Exp. Cloaking Device 50458 | -1/Command | Found Prototype Device 50458 | -1/Command | Identified Adv. Particle Accelerator 50462 | -1/Command | Found Prototype Device 50462 | -1/Command | Identified Adv. Kinecellerator 50466 | -1/Command | Found Prototype Device 50466 | -1/Command | Identified System Purifier 50476 | -1/Command | Found Prototype Processor 50476 | -1/Command | Identified Spectral Analyzer 50489 | -1/Command | Found EM Dispersion Field 50526 | -1/Command | MAIN.C activated Command garrisons 50565 | -1/Command | Unknown forces attacked Command 50565 | -1/Command | Spotted EQ-016 50576 | -1/Command | Destroyed EQ-016 50586 | -1/Command | Spotted EQ-001 50601 | -1/Command | Core integrity fell below 50% 50606 | -1/Command | Spotted EQ-010 50649 | -1/Command | Destroyed EQ-010 50664 | -1/Command | Spotted EQ-019 50666 | -1/Command | Spotted EQ-034 50669 | -1/Command | Spotted EQ-021 50669 | -1/Command | Spotted EQ-020 50674 | -1/Command | Destroyed EQ-020 50675 | -1/Command | Destroyed EQ-034 50680 | -1/Command | Spotted EQ-017 50682 | -1/Command | Spotted EQ-008 50685 | -1/Command | Destroyed EQ-017 50691 | -1/Command | Destroyed EQ-008 50692 | -1/Command | Spotted EQ-036 50712 | -1/Command | Destroyed EQ-036 50733 | -1/Command | Destroyed 9 combat bots 50744 | -1/Command | Found Prototype Processor 50744 | -1/Command | Identified Exp. Core Analyzer 50764 | -1/Command | Spotted EQ-039 50764 | -1/Command | Spotted EQ-038 50767 | -1/Command | Spotted EQ-018 50779 | -1/Command | Spotted EQ-026 50780 | -1/Command | Spotted EQ-031 50780 | -1/Command | Spotted EQ-032 50783 | -1/Command | Spotted EQ-057 50784 | -1/Command | Destroyed EQ-032 50785 | -1/Command | Spotted EQ-002 50786 | -1/Command | Spotted EQ-013 50791 | -1/Command | Spotted EQ-025 50793 | -1/Command | Destroyed EQ-002 50797 | -1/Command | Destroyed EQ-031 50853 | -1/Command | Spotted EQ-054 50853 | -1/Command | Spotted EQ-027 50859 | -1/Command | Destroyed EQ-027 50859 | -1/Command | Spotted EQ-043 50866 | -1/Command | Spotted EQ-060 50887 | -1/Command | Spotted EQ-076 50902 | -1/Command | Spotted EQ-041 50912 | -1/Command | Destroyed EQ-041 50916 | -1/Command | Spotted EQ-069 50971 | -1/Command | Spotted EQ-072 50972 | -1/Command | Destroyed EQ-072 50973 | -1/Command | Spotted EQ-084 50973 | -1/Command | Spotted EQ-109 50973 | -1/Command | Spotted EQ-085 50973 | -1/Command | Spotted EQ-086 50974 | -1/Command | Spotted EQ-075 50978 | -1/Command | Destroyed EQ-085 50985 | -1/Command | Spotted EQ-070 50991 | -1/Command | Destroyed EQ-084 50996 | -1/Command | Spotted EQ-068 50997 | -1/Command | Destroyed EQ-086 51036 | -1/Command | Core integrity fell below 20% 51040 | -1/Command | Destroyed EQ-075 51050 | -1/Command | Destroyed EQ-109 51051 | -1/Command | System corruption reached 30% 51058 | -1/Command | Spotted EQ-071 51059 | -1/Command | Destroyed by EQ-070 with Compact HERF Cannon Last Messages --------------- 51039_ Tesla Bomb intercepted. 51040_ EQ-075 destroyed. 51041_ BSOUJ#EG7MY877#O3TFGPPQ%G8WWKA8V/S5F|AB| 51042_ System corrupted: Gamma Bomb Array targeting data glitched. 51043_ Tesla Bomb intercepted. 51045_ Penetrated by Slug. 51045_ Gamma Bomb Array destroyed. 51047_ Tesla Bomb intercepted. 51049_ Activated siege mode. 51049_ Antimissile System destroyed. 51049_ System corrupted: Gamma Rifle failed to cycle. 51050_ EQ-109 system terminally corrupted. 51050_ Exp. Core Analyzer fried. 51050_ Adv. Armor Integrity Analyzer fried. 51052_ System corrupted: Gamma Rifle failed to cycle. 51054_ MAIN.C suffers critical hit. 51055_ EQ-070 suffers critical hit. 51055_ System corrupted: Gamma Rifle failed to cycle. 51057_ >KF&AVHDMAVIPPA,Q UTX>1LCCXCHCIZW|B|5ZK% 51057_ Gamma Rifle destroyed. Map ----- +----------------------------------------------------+ | #### ##????????????????????????#?#?#??? | | =!! #### ##????????????????????????#?#?#??? | | =!! # [] #????????????????????????#?#?#??? | | =!! #!][ *#????????????????????????#?#?#??? | | # !!! ==#????????????????????????#?#?#??? | | # ! ! = #????????????????????????#?#?#??? | | #########????????????????????????#?#?#??? | | ##### #????????????????????????????????#?#?#??? | | #???# #????????????????????????????????#?#?#??? | | #???# #????????????????????????????????#?#?#??? | | ###?" ###??????????????????????????????#?#?#??? | | ## ???????????????????????????????#?#?#??? | | ## ???????????????????????????????#?#?#??? | | # ###########################????#?#?#??? | | # # # #?????????????????????????#????#?#?#??? | | ## #?#?#######################?#????#?#?#??? | | " ## ?#?#""""""" "" ############### | | ""#? * ?#?#"" " = #?#???????????? | | T"#?#%= #?#?#""""" !== ############### | | ""#?#% "?#?#" " [ []![ =] | | " #?# %= ###?#" = [=%!! !Q | | #?# / " #?# %% * !*!*! % | | ### !"##?# % %= ==![[ ############### | | ####" %!"##?# !!/! % #?#???????????? | | ??# " *%"##?# [ %%=!%* =] ############### | | #### #?# [ =@!= !![ #?#????#?#?#??? | | # #?# =! Q] % !% %[ #?#????#?#?#??? | | # #?# % Q M%[ = ! #?#????#?#?#??? | | # ### =% Q= % * #?#????#?#?#??? | | ### # [ [= [ #?#????#?#?#??? | | # ####=! [%= #?#????#?#?#??? | | # = ! %! [[ %= #?#????#?#?#??? | | * % %[! ] *!! #?#????#?#?#??? | | # = =%=% #?#????#?#?#??? | | # ### % ! = #?#????#?#?#??? | | # #?# *% #?#????#?#?#??? | | #?# #?#????#?#?#??? | | #?#######################?#????#?#?#??? | | ## #?????????????????????????#????#?#?#??? | | ### ############################????#?#?#??? | | #??# #???????????????????????????????#?#?#??? | | " ##???###???????????????????????????????#?#?#??? | | !##???????????????????????????????????????#?#?#??? | | #????????????????????????????????????????#?#?#??? | | #????????????????????????????????????????#?#?#??? | | #????????????????????????????????????????#?#?#??? | | #????????????????????????????????????????#?#?#??? | | #????????????????????????????????????????#?#?#??? | | #????????????????????????????????????????#?#?#??? | | #????????????????????????????????????????#?#?#??? | +----------------------------------------------------+ Best States ------------- Heat Dissipation 128 Coolant Potential 120 Energy Generation 118 Energy Capacity 1380 Matter Stores 800 Matter Capacity 800 Sight Range 24 Robot Scan Range 16 Terrain Scan Range 24 Terrain Scan Density 210 Jamming Range 16 Cloak Strength 4 Power Amplification 40 Armor Coverage 2400 Resistance: KI 30 Resistance: EM 90 Core Shielding 20 Utility Shielding 66 Weapon Shielding 90 Point Defense Rating 480 Weapon Cycling 25 Phase Shifting 20 Evasion (%) 60 Targeting Accuracy 18 Core Analysis 15 Armor Integrity Analysis 66 Recoil Reduction 4 Matter Filtering 30 Energy Filtering 50 Particle Charging 50 Kinecelleration 50 Offensive Hacking 25 Relay Coupler Types 103 Relay Coupler Value 3 Item Schematics ----------------- Lrg. Storage Unit | -10/Materials | Hacked Imp. Utility Shielding | -7/Factory | Hacked Mic. Fission Core | -7/Factory | Hacked Imp. Remote Datajack | -6/Extension | Hacked Hvy. Siege Treads | -6/Hub_04(d) | Hacked Exp. Weapon Shielding | -4/Factory | Hacked Biometal Heavy Treads | -3/Armory | Hacked Rnf. Quantum Reactor | -1/Access | Hacked EM Dispersion Field | -1/Access | Scanalyzed Robot Schematics ------------------ M-28 Smith | -8/Materials | Hacked P-80 Master | -3/Armory | Hacked Fabricated ------------ M-28 Smith | x1 | -7/Factory Imp. Utility Shielding | x2 | -6/Factory M-28 Smith | x1 | -4/Factory Exp. Weapon Shielding | x1 | -3/Armory Exp. Weapon Shielding | x1 | -3/Armory P-80 Master | x2 | -3/Armory P-80 Master | x2 | -3/Armory Exp. Weapon Shielding | x1 | -2/Research Alien Tech Used ----------------- Core Regenerator Integrated Reactor Achievements -------------- None Challenges ------------ None Game ------ Seed BombCouplerUnit Manual? 0 Play Time 07:05:07 Cumulative 663.8 hours Start 2021.09.30 @ 18:07:18 End 2021.10.01 @ 03:32:15 Sessions 13 Manual Loads 0 Difficulty Rogue Special Mode None Game No. 380 Rogue 380 Adventurer 0 Explorer 0 Win Type - Total 9 Types 4/2/1/1/1/0/0/0/0 Lore% 91 Gallery% 93 Achievement% 73 Wizard Run 0 Options --------- ASCII 0 Keyboard 0 Movement Mouse Keybinds 1 Fullscreen 2 Font 24/Smallcaps Map View 76x50 Tactical HUD 1 Map Filters NONE Filters NONE Steam 1 RUN: 5ce55793-6cc4-4503-a7c2-9da60f63fe6f